 Dungeon Crawl Stone Soup version 0.29-a0-1043-g569b05d6ff (webtiles) character file.

Game seed: 1474926735201997162

587339 Sobieck the Slayer (level 27, -5/321 HPs)
             Began as an Ogre Earth Elementalist on Aug 12, 2022.
             Was a High Priest of Kikubaaqudgha.
             Succumbed to a green draconian's poison
             ... on level 4 of the Realm of Zot on Aug 15, 2022.
             The game lasted 07:44:01 (63116 turns).

Sobieck the Slayer (Ogre Earth Elementalist)       Turns: 63116, Time: 07:44:02

Health: -5/321     AC: 13    Str: 24    XL:     27
Magic:  7/63       EV:  3    Int: 37    God:    Kikubaaqudgha [*****.]
Gold:   8093       SH: 29    Dex:  7    Spells: 3/69 levels left

rFire   . . .      SeeInvis +   a - staff of death {!astaff}
rCold   . . .      Faith    .   q - +18 shield of the Gong {rElec rN+ Will+ EV-5}
rNeg    + + .      Spirit   +   J - +4 moon troll leather armour {Spirit, Regen++ MP+5}
rPois   +          Reflect  .   y - +3 hat of Pondering {ponderous, Will+ MP+10 Int+5}
rElec   +          Harm     .   n - +2 cloak {rPois}
rCorr   .          Rampage  .   (gloves unavailable)
Will    ++++.                   (boots unavailable)
Stlth   ++........              c - amulet "Esexyimn" {+Blink rElec Regen+ Str+4 Stlth+}
HPRegen 3.03/turn               S - +6 ring of intelligence
MPRegen 0.38/turn               s - ring of see invisible

@: lethally poisoned (-5 -> -48), on death's door cooldown, slowed, studying 3
skills, very slow
A: large, unfitting armour, tough skin 1, clumsy 1, deformed body
}: 3/15 runes: decaying, serpentine, silver
a: Renounce Religion, Evoke Blink, Unearth Wretches, Torment


You were on level 4 of the Realm of Zot.
You worshipped Kikubaaqudgha.
Kikubaaqudgha was extremely pleased with you.
You visited 10 branches of the dungeon, and saw 50 of its levels.
You also visited: Ossuary, Bailey and Wizlab.

You collected 10801 gold pieces.
You spent 2708 gold pieces at shops.


Innate Abilities, Weirdness & Mutations

You are too large for most types of armour.
You have tough skin. (AC +1)
You are clumsy. (Dex -2)
Armour fits poorly on your strangely shaped body.


   Skills:
 + Level 26.8 Fighting
 - Level 1.7 Dodging
 - Level 1.4 Stealth
 - Level 15.0 Shields
 + Level 21.7 Spellcasting
 - Level 2.0 Conjurations
 - Level 5.0 Hexes
 - Level 10.0 Summonings
 + Level 23.4 Necromancy
 - Level 0.8 Transmutations
 - Level 18.0 Fire Magic
 - Level 10.0 Ice Magic
 - Level 10.0 Earth Magic


You had 3 spell levels left.
You knew the following spells:

 Your Spells              Type           Power      Damage    Failure   Level
a - Infestation           Necr           72%        N/A       1%          8
b - Stone Arrow           Conj/Erth      100%       3d13      1%          3
c - Sublimation of Blood  Necr           100%       N/A       0%          2
d - Dispel Undead         Necr           100%       3d31      0%          4
e - Borgnjor's Vile Clut  Necr/Erth      64%        N/A       1%          5
f - Anguish               Hex/Necr       60%        N/A       1%          4
g - Death Channel         Necr           72%        N/A       0%          6
h - Simulacrum            Ice/Necr       64%        N/A       1%          6
i - Haunt                 Necr/Summ      64%        N/A       1%          7
j - Ignition              Fire           53%        3d15      4%          8
k - Death's Door          Necr           72%        N/A       8%          9
D - Animate Dead          Necr           100%       N/A       0%          4

Your spell library contained the following spells:

 Spells                   Type           Power      Damage    Failure   Level
 Necrotise                Necr           100%       1d9       0%          1
 Vampiric Draining        Necr           100%       2d13      0%          3
 Beastly Appendage        Tmut           92%        N/A       1%          1
 Sandblast                Erth           100%       2d20      1%          1
 Shock                    Conj/Air       100%       1d9       1%          1
 Slow                     Hex            100%       N/A       1%          1
 Summon Small Mammal      Summ           100%       N/A       1%          1
 Blink                    Tloc           80%        N/A       1%          2
 Call Imp                 Summ           85%        N/A       1%          2
 Ensorcelled Hibernation  Hex/Ice        100%       N/A       1%          2
 Passwall                 Tmut/Erth      57%        N/A       1%          2
 Poisonous Vapours        Pois/Air       80%        N/A       1%          2
 Static Discharge         Conj/Air       47%        3-9/arc   1%          2
 Wereblood                Tmut           46%        N/A       1%          2
 Call Canine Familiar     Summ           85%        N/A       1%          3
 Confusing Touch          Hex            67%        N/A       1%          3
 Dazzling Flash           Conj/Hex       100%       N/A       1%          3
 Frozen Ramparts          Ice            100%       1d16      1%          3
 Ignite Poison            Fire/Tmut/Pois 72%        N/A       1%          3
 Inner Flame              Hex/Fire       90%        N/A       1%          3
 Summon Guardian Golem    Hex/Summ       77%        N/A       1%          3
 Tukima's Dance           Hex            67%        N/A       1%          3
 Mephitic Cloud           Conj/Pois/Air  45%        N/A       2%          3
 Gell's Gravitas          Tloc           40%        N/A       3%          3
 Lesser Beckoning         Tloc           40%        N/A       3%          3
 Spider Form              Tmut/Pois      43%        N/A       3%          3
 Swiftness                Air            40%        N/A       3%          3
 Teleport Other           Tloc           40%        N/A       3%          3
 Agony                    Necr           100%       N/A       0%          5
 Cause Fear               Hex            33%        N/A       1%          4
 Corpse Rot               Necr/Pois/Air  98%        N/A       1%          4
 Hailstorm                Conj/Ice       71%        3d15      1%          4
 Ice Form                 Ice/Tmut       69%        N/A       1%          4
 Leda's Liquefaction      Hex/Erth       38%        N/A       1%          4
 Petrify                  Tmut/Erth      69%        N/A       1%          4
 Sticky Flame             Conj/Fire      85%        2d10      1%          4
 Summon Lightning Spire   Summ/Air       67%        N/A       1%          4
 Fireball                 Conj/Fire      42%        3d17      1%          5
 Lee's Rapid Deconstruct  Erth           42%        3d22*     1%          5
 Metabolic Englaciation   Hex/Ice        38%        N/A       1%          5
 Summon Mana Viper        Hex/Summ       77%        N/A       1%          5
 Borgnjor's Revivificati  Necr           72%        N/A       1%          8
 Starburst                Conj/Fire      42%        6d12      3%          6
 Summon Cactus Giant      Summ           42%        N/A       3%          6
 Summon Forest            Summ/Tloc      33%        N/A       4%          5
 Freezing Cloud           Conj/Ice/Air   31%        6-21      6%          5
 Yara's Violent Unravell  Hex/Tmut       29%        3d12      10%         5
 Airstrike                Air            20%        2d(3-19)  12%         4
 Olgreb's Toxic Radiance  Pois           40%        N/A       12%         4
 Passage of Golubria      Tloc           40%        N/A       12%         4
 Silence                  Hex/Air        27%        N/A       12%         5
 Ozocubu's Refrigeration  Ice            42%        4d16      16%         7
 Statue Form              Tmut/Erth      46%        N/A       19%         6
 Lightning Bolt           Conj/Air       23%        1d39      22%         5
 Alistair's Intoxication  Tmut/Pois      28%        N/A       26%         5
 Manifold Assault         Tloc           40%        N/A       32%         5
 Necromutation            Tmut/Necr      57%        N/A       45%         8
 Spellforged Servitor     Conj/Summ      35%        N/A       63%         7
 Enfeeble                 Hex            33%        N/A       77%         7
 Malign Gateway           Summ/Tloc      33%        N/A       77%         7
 Summon Horrible Things   Summ           42%        N/A       77%         8
 Eringya's Noxious Bog    Tmut/Pois      21%        N/A       83%         6
 Dispersal                Tloc           20%        N/A       87%         6
 Orb of Destruction       Conj           26%        9d9       99%         7
 Storm Form               Tmut/Air       21%        N/A       100%        7
 Discord                  Hex            33%        N/A       100%        8
 Disjunction              Tloc           20%        N/A       100%        8
 Lehudib's Crystal Spear  Conj/Erth      35%        10d9      100%        8
 Maxwell's Capacitive Co  Air            20%        ∞         100%        8
 Dragon's Call            Summ           42%        N/A       100%        9
 Fire Storm               Conj/Fire      42%        8d11      100%        9

Inventory:

Missiles
 e - 22 boomerangs {throwing}
 f - 95 large rocks {=fthrowing}
 h - 5 throwing nets {=f!fthrowing}
 w - 7 silver boomerangs {throwing}
 X - 14 boomerangs of dispersal {=f!fthrowing}
Armour
 n - a +2 cloak of poison resistance (worn)
   (You found it on level 2 of the Depths)
 q - the +18 shield of the Gong (worn) {rElec rN+ Will+ EV-5}
   (You bought it in a shop on level 15 of the Dungeon)

   It is deafeningly noisy when blocking attacks.
   EV:        It affects your evasion (-5).
   rElec:     It insulates you from electricity.
   rN:        It protects you from negative energy.
   Will:      It increases your willpower.
 y - the +3 hat of Pondering (worn) {ponderous, Will+ MP+10 Int+5}
   (You took it off Gastronok on level 3 of the Lair of Beasts)

   Int:       It affects your intelligence (+5).
   MP:        It affects your magic capacity (+10).
   Will:      It increases your willpower.
 J - the +4 moon troll leather armour (worn) {Spirit, Regen++ MP+5}
   (You took it off a moon troll in a wizard's laboratory)

   MP:        It affects your magic capacity (+5).
   Regen:     It increases your rate of health regeneration.
Magical Staves
 a - a staff of death (weapon) {!astaff}
   (You acquired it on level 13 of the Dungeon)
 b - a staff of fire {!astaff}
   (You found it on level 2 of the Crypt)
Jewellery
 c - the amulet "Esexyimn" (around neck) {+Blink rElec Regen+ Str+4 Stlth+}
   (You found it on level 3 of the Realm of Zot)

   [amulet of regeneration]

   Str:       It affects your strength (+4).
   rElec:     It insulates you from electricity.
   +Blink:    It lets you blink.
   Regen:     It increases your rate of health regeneration.
   Stlth:     It makes you more stealthy.
 j - the ring "Dozaxomo" {Fire Dex+2}
   (You found it in a wizard's laboratory)

   [ring of fire]

   It enhances your fire magic.
   Dex:       It affects your dexterity (+2).
   rF:        It protects you from fire.
   rC:        It makes you vulnerable to cold.
 s - a ring of see invisible (right hand)
   (You found it on level 2 of the Lair of Beasts)
 v - a +6 ring of intelligence
   (You bought it in a shop on level 1 of the Vaults)
 A - a ring of resist corrosion
   (You found it on level 1 of the Crypt)
 C - the ring "Tois" {rElec rF+}
   (You found it on level 1 of the Depths)

   [ring of protection from fire]

   rF:        It protects you from fire.
   rElec:     It insulates you from electricity.
 H - the ring of Hul Ehu {rN+ Dex+7}
   (You found it on level 3 of the Crypt)

   [ring of positive energy]

   Dex:       It affects your dexterity (+7).
   rN:        It protects you from negative energy.
 P - a ring of flight
   (You found it on level 2 of the Orcish Mines)
 S - a +6 ring of intelligence (left hand)
   (You took it off a frost giant on level 2 of the Vaults)
 U - a ring of protection from cold
   (You took it off a deep elf sorcerer on level 3 of the Elven Halls)
 V - the ring of Xom's Passing Interest {rC+ rN+ MP+9 Int-3}
   (You found it on level 3 of the Crypt)

   [ring of positive energy]

   Int:       It affects your intelligence (-3).
   rC:        It protects you from cold.
   rN:        It protects you from negative energy.
   MP:        It affects your magic capacity (+9).
Wands
 u - a wand of digging (29)
   (You found it on level 5 of the Dungeon)
 F - a wand of roots (47)
   (You found it on level 6 of the Dungeon)
 G - a wand of light (22)
   (You found it on level 1 of the Lair of Beasts)
 W - a wand of mindburst (36)
   (You took it off a yaktaur on level 13 of the Dungeon)
Scrolls
 d - 15 scrolls of teleportation {@r4}
 g - 11 scrolls of butterflies
 o - 2 scrolls of silence {!r}
 x - 16 scrolls of fear
 D - 3 scrolls of magic mapping {!r}
 I - 11 scrolls of poison {!r}
 N - 6 scrolls of enchant armour
 O - 42 scrolls of identify {@r1}
 Q - a scroll of blinking {!r}
 Z - 3 scrolls of summoning
Potions
 k - 5 potions of magic
 l - 13 potions of brilliance
 m - 9 potions of invisibility
 r - 5 potions of berserk rage {!q}
 t - 7 potions of heal wounds {@q2}
 z - 6 potions of lignification {!q}
 B - 13 potions of haste {@q3}
 E - 33 potions of curing {@q1}
 L - 10 potions of resistance
 M - 15 potions of mutation {!q}
 R - 9 potions of ambrosia
 T - 6 potions of cancellation
 Y - 11 potions of attraction {!q}
Miscellaneous
 i - a tin of tremorstones (2/2) {throwing}
   (You found it on level 2 of the Orcish Mines)
 p - a phantom mirror
   (You found it on level 13 of the Dungeon)
 K - a lightning rod (4/4)
   (You found it on level 11 of the Dungeon)

Dungeon Overview and Level Annotations

Branches:
Dungeon (15/15) Zot: 24916  Temple (0/1) D:7            Lair (5/5) D:8 Zot: 21877
  Swamp (4/4) Lair:3 Zot: 20844   Snake (4/4) Lair:2 Zot: 19429   Slime (0/5) Lair:5
    Orc (2/2) D:10 Zot: 9183     Elf (3/3) Orc:2 Zot: 14274  Vaults (5/5) D:14 Zot: 20448
  Crypt (3/3) Vaults:2 Zot: 15016    Tomb (0/3) Crypt:3      Depths (4/4) D:15 Zot: 17446
    Zot (5/5) Depths:4 Zot: 25721 Ossuary (visited)          Bailey (visited)
 WizLab (visited)

Altars:
Cheibriados
Dithmenos
Fedhas
Gozag
Kikubaaqudgha
Nemelex Xobeh
Okawaru
Qazlal
Sif Muna
Trog
Vehumet
Wu Jian
Xom
The Shining One
Jiyva
Lugonu

Shops:
D:10 ?   D:11 !   D:12 :   D:15 *[   Orc:1 (   Orc:2 ([(!   Elf:1 =::
Vaults:1 =   Depths:3 =

Portals:
Hell: Depths:1 Depths:2 Depths:3 Depths:4
Abyss: Lair:5 Depths:3
Pandemonium: Depths:2 Depths:3
Ziggurat: Depths:2
Trove: D:12 (give horn of Geryon)

Annotations:
D:4 1 runed translucent door, Crazy Yiuf
D:12 exclusion: downstairs
D:14 exclusion: deep elf archer, Roxanne
Lair:1 2 transporters
Lair:2 exclusion: oklob plant
Elf:2 3 runed translucent doors
Vaults:1 8 runed translucent doors, Hyuliamusu's ghost, adept DjSu
Vaults:3 exclusion: 2 downstairs
Vaults:4 exclusion: 2 downstairs
Depths:3 exclusion: door
Depths:4 1 runed translucent door, Ryaff's ghost, adept FeVM
Zot:4 Tiamat

#####'##'###
##+#....).....#
#.............#
#............#
#...........# #..........[#
#........d.d# #..>....dqzd#
#....q..dd*@# #...q...dydd#
#........dq*# #.........qy#
#...dq......# ####
#...#######'# ...#
##'##......§#
...####.##.......##########
⌠..'.##.##................#


You could see Tiamat (catching breath), 2 orbs of fire, a black draconian knight
(fast, invisible), a black draconian, 4 draconians, 4 draconians, a red
draconian, 4 draconians, a death cob, a red draconian scorcher and 2 moths of
wrath.


Message History

GONNNNG!
A purple draconian shifter comes into view.
It is wielding a +0 whip.
The orb of fire glows deep purple.
The bolt of fire hits you!!!
You block the purple draconian's attack.
GONNNNG!
The black draconian knight hits you with a +0 war axe!!
You block the death cob's attack.
SHROANNG!
You block the green draconian's attack.
GONNNNG!
The green draconian tail-slaps you but does no damage.
The purple draconian hits you with a +0 dire flail!!
The black draconian knight hits you with a +0 war axe!
Tiamat hits you from afar with a +2 bardiche of protection!
The death cob hits you!
The black draconian hits you from afar with a +0 halberd!
The green draconian hits you with a +0 glaive!!
The green draconian tail-slaps you!
You are lethally poisoned!
The green draconian poisons you!
The purple draconian hits you with a +0 long sword!
The purple draconian hits you from afar with a +0 glaive!
The purple draconian breathes dispelling energy at you.
The bolt of dispelling energy hits you!!
You feel strangely stable.
The bolt of dispelling energy hits the black draconian knight!
The black draconian knight's magical effects unravel!
You hear a roar!
The black draconian knight attacks as you move away!
You block the black draconian knight's attack.
PANG!
A purple draconian shifter comes into view.
It is wielding a +0 long sword.
You hear a shout!
You block the death cob's attack.
GONNNNG!
The moth of wrath goads the purple draconian on!
The purple draconian goes berserk!
The moth of wrath goads the purple draconian on!
The purple draconian goes berserk!
The death cob hits you!! The death cob drains your vigour!
You feel yourself slow down.
The green draconian hits you with a +0 glaive!!
You block the green draconian's attack.
GONNNNG!
You block the purple draconian's attack.
BOUMMMMG!
The purple draconian shifter mumbles some strange words.
The purple draconian shifter blinks!
The black draconian knight gestures wildly while chanting.
The black draconian knight flickers and vanishes for a moment.
The purple draconian hits you with a +0 long sword!!
The death cob hits you. The death cob drains your vigour!
You feel as though you will be slow longer.
You hear a deafening roar!
You hear a roar!
Unknown command.
As you read the scroll of teleportation {@r4}, it crumbles to dust.
You feel strangely unstable.
You feel the Orb delaying your translocation!
You block the death cob's attack.
GONNNNG!
You block the green draconian's attack.
GONNNNG!
You block the green draconian's attack.
BOUMMMMG!
The death cob hits you! The death cob drains your vigour!
You feel as though you will be slow longer.
You block the purple draconian's attack.
BOUMMMMG!
The purple draconian hits you with a +0 long sword!
You block the green draconian's attack.
GONNNNG!
The green draconian tail-slaps you. The purple draconian barely misses you.
The black draconian knight mumbles some strange words.
The black draconian knight seems to speed up.
The purple draconian shifter mumbles some strange words.
The purple draconian shifter blinks!
The purple draconian shifter casts a spell.
The purple draconian shifter blinks!
A green draconian comes into view. It is wielding a +0 flail.
The red draconian is engulfed in blazing flames.
The black draconian hits you from afar with a +0 halberd!!
The death cob hits you! The death cob drains your vigour!
You feel as though you will be slow longer.
The purple draconian hits you with a +0 long sword!!
The purple draconian hits you with a +0 long sword.
The orb of fire glows bright magenta.
The bolt of fire hits you!!!
The green draconian hits you with a +0 glaive!!
The green draconian tail-slaps you!
You are lethally poisoned!
The green draconian poisons you!
You hear a shout!
Unknown command.
Unknown command.
As you read the scroll of teleportation {@r4}, it crumbles to dust.
You feel strangely stable.
Your life is in your own hands again!
You die...
Kikubaaqudgha rasps: "You have failed me!
Welcome... death!"

Skill      XL: |  1  2  3  4  5  6  7  8  9 10 11 12 13 14 15 16 17 18 19 20 21 22 23 24 25 26 27 |
---------------+----------------------------------------------------------------------------------+-----
Fighting       | 1 2 3 4 5 8 10 12 15 16 17 18 19 20 21 23 25 26 | 26.8
Earth Magic    | 3 4 5 7 9 10 | 10.0
Spellcasting   | 3 4 5 7 8 10 11 12 13 14 15 16 17 19 20 21 | 21.7
Necromancy     | 1 3 5 6 10 11 13 14 15 16 18 19 21 22 23 | 23.4
Conjurations   | 2 |  2.0
Hexes          | 1 4 5 |  5.0
Ice Magic      | 3 7 9 10 | 10.0
Shields        | 2 6 10 11 12 14 15 | 15.0
Summonings     | 4 9 10 | 10.0
Fire Magic     | 8 15 18 | 18.0
Dodging        | |  1.7
Stealth        | |  1.4
Transmutations | |  0.8

Action                   |  1- 3 |  4- 6 |  7- 9 | 10-12 | 13-15 | 16-18 | 19-21 | 22-24 | 25-27 || total
-------------------------+-------+-------+-------+-------+-------+-------+-------+-------+-------++-------
Melee: Whip              |     5 |       |       |       |       |       |       |       |       ||     5
       Dagger            |       |    12 |       |       |       |       |       |       |       ||    12
       Trident           |       |       |     4 |       |       |       |       |       |       ||     4
       Staff             |       |       |       |       |     2 |       |       |     1 |       ||     3
 Fire: Sling             |    44 |   101 |    50 |     8 |       |       |       |       |       ||   203
Throw: Dart              |       |       |       |     1 |       |       |       |       |       ||     1
 Cast: Sandblast         |    44 |    70 |   185 |    52 |    48 |     3 |       |       |       ||   402
       Sublimation of Bl |       |     2 |     1 |    75 |   187 |   259 |   207 |   337 |   330 ||  1398
       Stone Arrow       |       |       |    19 |    35 |    35 |    26 |    14 |    22 |     7 ||   158
       Animate Dead      |       |       |     4 |    12 |    17 |    16 |    13 |    13 |    14 ||    89
       Borgnjor's Vile C |       |       |       |   118 |   228 |   215 |   222 |   271 |   212 ||  1266
       Anguish           |       |       |       |    10 |    14 |    33 |    19 |    18 |     4 ||    98
       Death Channel     |       |       |       |       |    38 |    57 |    37 |    39 |    32 ||   203
       Simulacrum        |       |       |       |       |    30 |   140 |    97 |    92 |    95 ||   454
       Dispel Undead     |       |       |       |       |       |     8 |       |    11 |     2 ||    21
       Infestation       |       |       |       |       |       |    20 |   107 |   143 |   154 ||   424
       Haunt             |       |       |       |       |       |       |     3 |    87 |    61 ||   151
       Ignition          |       |       |       |       |       |       |       |       |    25 ||    25
       Death's Door      |       |       |       |       |       |       |       |       |     2 ||     2
Invok: Unearth Wretches  |       |       |       |     8 |    24 |    28 |    27 |    26 |    28 ||   141
       Receive Forbidden |       |       |       |       |       |     1 |       |       |       ||     1
Evoke: Wand              |       |       |       |       |       |       |       |     1 |       ||     1
  Use: Scroll            |       |     6 |     6 |    10 |     7 |     7 |     3 |     2 |    10 ||    51
       Potion            |       |       |       |     8 |     2 |     3 |     6 |     4 |     7 ||    30
Armor: Robe              |    29 |    40 |    78 |       |       |       |       |       |       ||   147
       Steam dragon scal |       |       |     7 |    32 |    64 |       |       |       |       ||   103
       Troll leather arm |       |       |       |       |     9 |    32 |    20 |    33 |    37 ||   131
Dodge: Dodged            |    47 |    73 |   143 |    47 |   119 |    61 |     3 |    11 |    11 ||   515
Block: Kite shield       |       |       |       |       |       |    60 |    93 |   147 |   142 ||   442

Levels and vault maps discovered:
D:1:      ebering_trefoil_twist, layout_rooms, serial_bayou,
          serial_bayou_pond_c, serial_bayou_pond_e, serial_bayou_pond_d,
          serial_bayou_shore_b, serial_bayou_crossing
D:2:      layout_rooms, shapermc_ecumenical_altar_hornbeckon
D:3:      layout_loops_ring, tgw_sif
D:4:      layout_basic, mainiacjoe_overflow_tiny_flanked, cheibriados_altar_1,
          enter_ossuary_3, uniq_crazy_yiuf_cottage, uniq_menkaure
D:5:      layout_basic, mainiacjoe_overflow_brackets,
          nicolae_tso_swordbearing_angel, corexii_checkpoint_b,
          chequers_serial_rivers_micro_b, hex_intersection, uniq_edmund,
          uniq_ijyb
D:6:      layout_loops_cross, nicolae_kikubaaqudgha_miasma_corner, minivault_4,
          uniq_blork_the_orc, uniq_sigmund
D:7:      layout_basic, temple_pool_b
D:8:      layout_cave_pools, mainiacjoe_overflow_cross_hatched,
          dpeg_lair_monsters
D:9:      layout_rooms, trog_ov_bears_minmay,
          mainiacjoe_overflow_six_doors_small, nicolae_overflow_two_pavilions,
          enter_bailey_3
D:10:     cheibrodos_grave_circle, layout_basic, erik_orc_1, serial_shops, shop,
          minivault_5
D:11:     layout_irregular_city, serial_shops, nicolae_shop_hallway_stairs
D:12:     layout_loops_corners, serial_shops, shop, nicolae_trove_entry_isolated
D:13:     minmay_the_grid_square_5x5_5x5_mashed
          [minmay_the_grid_square_5x5_two_walls_b,
          minmay_the_grid_square_5x5_hollow_slash,
          minmay_the_grid_square_5x5_three_walls,
          minmay_the_grid_square_5x5_slash, minmay_the_grid_square_5x5_shuriken,
          minmay_the_grid_square_5x5_tie, minmay_the_grid_square_5x5_prize_open,
          minmay_the_grid_square_5x5_sharp_hourglass,
          minmay_the_grid_square_5x5_prize_junk,
          minmay_the_grid_square_5x5_shrine1,
          minmay_the_grid_square_5x5_checkered_statues,
          minmay_the_grid_square_5x5_v,
          minmay_the_grid_square_5x5_prize_rear_guard,
          minmay_the_grid_square_5x5_two, minmay_the_grid_square_5x5_moneybag,
          minmay_the_grid_square_5x5_three_small,
          minmay_the_grid_square_5x5_prize_waves,
          minmay_the_grid_square_5x5_inset,
          minmay_the_grid_square_5x5_prize_itemx,
          minmay_the_grid_square_5x5_broken_cross, minmay_the_grid_square_5x5_z,
          minmay_the_grid_square_5x5_misaligned,
          minmay_the_grid_square_5x5_checkered_sparse,
          minmay_the_grid_square_5x5_two_walls_a, minmay_the_grid_square_5x5_n],
          layout_basic, minmay_ruined_shrine, uniq_snorg, uniq_jorgrun
D:14:     layout_loops_ring, grunt_vaults_entry_fortified, uniq_josephine,
          uniq_kirke, uniq_roxanne
D:15:     gammafunk_depths_entry_grave, layout_loops_cross,
          minmay_misc_feat_hallway, portal_ice_cave_entry_pillars_four,
          serial_shops, nicolae_shop_trees, shop, nicolae_shop_crystal
Lair:1:   gammafunk_boulding_lane, layout_cave_pods,
          gammafunk_ghost_wrathful_warriors, uniq_fannar
Lair:2:   layout_regular_city, guppyfry_snake_entry_garden, minivault_24
Lair:3:   layout_roguey, minmay_swamp_entry_worms,
          maelrawn_ghost_gauntlet_escape, grunt_megastairs_5, lemuel_fruit_tree,
          uniq_gastronok
Lair:4:   layout_roguey, st_stairs_5
Lair:5:   hellmonk_lair_end_abyssal_woods, layout_big_grid,
          minmay_slime_entry_pillars, minivault_27, grunt_megastairs_3,
          infiniplex_staircase_pool
Swamp:1:  layout_falls_marsh, evilmike_swamp_ruin_house_3,
          nicolae_swamp_necromancer_hut
Swamp:2:  layout_basic_swamp, basic_altar, swamp_pool1
Swamp:3:  layout_basic_swamp, evilmike_swamp_ruin_rubble_1
Swamp:4:  swamp_fiery, layout_basic_swamp, infiniplex_staircase_pool_2,
          uniq_donald, uniq_nikola
Snake:1:  layout_misc_corridors
Snake:2:  layout_misc_corridors
Snake:3:  layout_chambers, special_room, nicolae_triple_integral,
          serial_bayou_shore_b
Snake:4:  grunt_snake_rune_spirals, layout_onion, uniq_mlioglotl
Orc:1:    layout_caves, serial_shops, shop
Orc:2:    pubby_orc_utopia
Elf:1:    nicolae_elf_arrival_aired_out, layout_loops_ring,
          infiniplex_enter_wizlab_water, hangedman_elf_represent,
          minmay_shop_grove
Elf:2:    elven_hall_of_blades_hangedman_original [nicolae_blade_lattice],
          layout_loops_cross, uniq_azrael
Elf:3:    minmay_elf_hall_dome, layout_loops_cross
Vaults:1: advil_vaults_ghost_lines, v_alt_pattern_3, grunt_vaults_bifocal,
          hangedman_vaults_stream, vaults_dpeg_encased_lava, v_pattern_5,
          st_squares, nicolae_vaults_bisected_exclaves,
          ontoclasm_vaults_ligature, ontoclasm_vaults_fault, v_misc_10,
          v_misc_16, layout_vaults_omnicross, serial_shops,
          nicolae_shop_waterfront
Vaults:2: vaults_standard_mumra_enter_the_diamond,
          vaults_room_grunt_arrival_ludios, hangedman_vaults_stitches,
          st_greater_box_4, minmay_crypt_entry_skeletal_spiral, v_pattern_3,
          vaults_dpeg_diagonal, v_misc_31, dpeg_vaults_monster_box, v_misc_16,
          nicolae_vaults_little_squares_1, vaults_dpeg_doors,
          nicolae_vaults_asterisk, nicolae_vaults_little_squares_4,
          layout_vaults_maze
Vaults:3: ontoclasm_vaults_spin, ontoclasm_vaults_gateway,
          grunt_vaults_hallway_long, nicolae_vaults_shelves_hall, v_misc_27,
          nicolae_vaults_know_your_exits, ontoclasm_vaults_ring_square,
          v_misc_12, v_misc_27, vaults_room_stairs_pillars,
          grunt_vaults_hallway_short, layout_vaults_big_room, uniq_frederick
Vaults:4: grunt_vaults_funnel, kb_rosetta, nicolae_vaults_little_squares_6,
          v_misc_14, nicolae_vaults_angled_halls, ontoclasm_vaults_chip,
          serial_ice_m, nicolae_vaults_windows_and_doors_thing, v_misc_27,
          layout_vaults_omnigrid, uniq_xtahua, uniq_zenata
Vaults:5
Crypt:1:  layout_gridlike, minmay_misc_feat_alley, small_statue_intersection,
          uniq_grunn
Crypt:2:  layout_rooms, serial_sigils_hangedman_writhe, grunt_ministairs_3
Crypt:3:  cryptofortress_bobbens
Depths:1: layout_long_grid, hell_entry, minislime_mu
Depths:2: angbandy_vault, layout_gridlike, enter_ziggurat_d,
          rand_demon_pan_entry_8, pf_vacation_house_of_asmodeus,
          minmay_misc_feat_chi, beargit_elvish_explorers,
          infiniplex_staircase_diamond
Depths:3: evilmike_wizard_prison, layout_basic, serial_shops, shop,
          grunt_hell_entry_dis_old, nicolae_wu_jian_wuxing_cycle, abyss_entry,
          pan_entry, infiniplex_staircase_zigzag_4
Depths:4: grunt_zot_entry_alcove, layout_gridville, grunt_hell_horde,
          ebering_ghost_reflecting_pool, grunt_decor_mini_mirrors, uniq_vv
Zot:1:    layout_misc_corridors, nicolae_lava_and_water, grunt_ministairs_3
Zot:2:    layout_twisted_circle, lemuel_elevator
Zot:3:    layout_concentric_octagons, st_large_dragon_hoard_3
Zot:4:    hellmonk_paralyzer, layout_gridlike, lemuel_lake_of_fire,
          grunt_megastairs_1, uniq_tiamat
Zot:5:    layout_twisted_circle

Notes
Turn   | Place    | Note
-------+----------+-------------------------------------------
     0 | D:1      | Sobieck the Ogre Earth Elementalist began the quest for the
                  | Orb.
     0 | D:1      | Reached XP level 1. HP: 16/16 MP: 3/3
   122 | D:1      | Reached skill level 1 in Fighting
   123 | D:1      | Reached XP level 2. HP: 24/27 MP: 1/5
   140 | D:1      | HP: 6/27 [goblin/+0 dagger (3)]
   495 | D:1      | Reached skill level 3 in Earth Magic
   588 | D:1      | You add the spells Alistair's Intoxication, Borgnjor's Vile
                  | Clutch and Eringya's Noxious Bog to your library.
  1138 | D:2      | Reached skill level 3 in Spellcasting
  1138 | D:2      | Reached XP level 3. HP: 32/35 MP: 2/7
  1140 | D:2      | Reached skill level 2 in Fighting
  1245 | D:1      | Learned a level 3 spell: Stone Arrow
  1666 | D:2      | Found a faded altar of an unknown god.
  1859 | D:3      | Reached XP level 4. HP: 42/44 MP: 7/9
  1986 | D:3      | Reached skill level 3 in Fighting
  2311 | D:3      | Noticed Jessica
  2322 | D:3      | Killed Jessica
  2323 | D:3      | Reached XP level 5. HP: 52/53 MP: 8/10
  2347 | D:3      | Found a shimmering blue altar of Sif Muna.
  2724 | D:4      | Found a blossoming altar of Fedhas.
  2730 | D:4      | Found a snail-covered altar of Cheibriados.
  2737 | D:4      | Noticed Menkaure
  2741 | D:4      | Noticed a kobold brigand
  2744 | D:4      | HP: 13/53 [poisoned by a kobold brigand]
  2749 | D:4      | HP: 9/53 [poisoned by a kobold brigand]
  3042 | D:4      | Noticed an ogre
  3048 | D:4      | Killed an ogre
  3049 | D:4      | Reached skill level 4 in Fighting
  3049 | D:4      | Reached skill level 4 in Spellcasting
  3049 | D:4      | Reached skill level 4 in Earth Magic
  3049 | D:4      | Reached XP level 6. HP: 60/62 MP: 7/12
  3179 | D:4      | You add the spells Sublimation of Blood, Fire Storm and
                  | Death's Door to your library.
  3179 | D:4      | Got the Grimoire of Searing Necromancy
  3183 | D:4      | Learned a level 2 spell: Sublimation of Blood
  3270 | D:4      | Found a sand-covered staircase.
  3292 | Ossuary  | Entered an ossuary
  3863 | D:4      | Killed Menkaure
  3864 | D:4      | Reached skill level 5 in Fighting
  3864 | D:4      | Reached skill level 1 in Necromancy
  3864 | D:4      | Reached XP level 7. HP: 72/72 MP: 10/14
  3905 | D:3      | Reached skill level 5 in Spellcasting
  3907 | D:3      | Reached skill level 2 in Necromancy
  4376 | D:4      | Found a runed translucent door.
  4377 | D:4      | Noticed Crazy Yiuf
  4417 | D:5      | Entered Level 5 of the Dungeon
  4581 | D:5      | Found a stormy altar of Qazlal.
  4603 | D:5      | Reached skill level 5 in Earth Magic
  4763 | D:5      | Noticed Ijyb
  4773 | D:5      | Killed Ijyb
  4962 | D:5      | You pick up a book of Lightning and begin reading...
  4962 | D:5      | You add the spells Static Discharge, Lightning Bolt and
                  | Maxwell's Capacitive Coupling to your library.
  5019 | D:5      | Reached skill level 3 in Necromancy
  5054 | D:5      | Reached XP level 8. HP: 80/80 MP: 11/15
  5221 | D:5      | Noticed Edmund
  5231 | D:5      | Killed Edmund
  5232 | D:5      | Reached skill level 4 in Necromancy
  5232 | D:5      | Reached skill level 6 in Earth Magic
  5770 | D:5      | Found a glowing golden altar of the Shining One.
  5922 | D:6      | Reached skill level 5 in Necromancy
  5965 | D:6      | Found an ancient bone altar of Kikubaaqudgha.
  6013 | D:6      | Became a worshipper of Kikubaaqudgha
  6055 | D:6      | Reached skill level 7 in Earth Magic
  6096 | D:6      | Reached XP level 9. HP: 88/88 MP: 11/16
  6313 | D:6      | Reached skill level 6 in Necromancy
  6389 | D:6      | Noticed Blork the orc
  6392 | D:6      | Killed Blork the orc
  6469 | D:6      | Noticed Sigmund
  6481 | D:6      | Reached skill level 8 in Earth Magic
  6584 | D:6      | Killed Sigmund
  7141 | D:7      | You add the spells Gell's Gravitas, Teleport Other and
                  | Dispersal to your library.
  7149 | D:7      | You pick up a book of Death and begin reading...
  7149 | D:7      | You add the spells Animate Dead, Haunt and Infestation to
                  | your library.
  7155 | D:7      | Learned a level 4 spell: Animate Dead
  7231 | D:7      | Reached * piety under Kikubaaqudgha
  7231 | D:7      | You add the spells Necrotise, Vampiric Draining and Anguish
                  | to your library.
  7231 | D:7      | Received a gift from Kikubaaqudgha
  7328 | D:7      | Reached skill level 9 in Earth Magic
  7539 | D:7      | Learned a level 5 spell: Borgnjor's Vile Clutch
  7837 | D:7      | Found a staircase to the Ecumenical Temple.
  8025 | D:7      | You pick up a book of Geomancy and begin reading...
  8104 | D:8      | Noticed a death yak
  8111 | D:7      | Reached XP level 10. HP: 92/96 MP: 6/17
  8274 | D:8      | Reached skill level 10 in Earth Magic
  8315 | D:8      | Noticed a two-headed ogre
  8325 | D:8      | Killed a two-headed ogre
  8326 | D:8      | Reached skill level 7 in Necromancy
  8333 | D:8      | Found a staircase to the Lair.
  8334 | D:8      | Noticed a death yak
  8369 | D:8      | Noticed a death yak
  8372 | D:8      | Killed a death yak
  8373 | D:8      | Reached skill level 8 in Necromancy
  8469 | D:8      | Reached ** piety under Kikubaaqudgha
  8478 | D:8      | Noticed a death yak
  8564 | D:8      | Noticed a death yak
  8768 | Lair:1   | Entered Level 1 of the Lair of Beasts
  8816 | Lair:1   | Reached skill level 9 in Necromancy
  9172 | Lair:1   | Found a transporter.
  9172 | Lair:1   | Noticed a moth of wrath
  9176 | Lair:1   | Found a bloodstained altar of Trog.
  9182 | Lair:1   | Found a transporter.
  9186 | Lair:1   | Found a transporter.
  9186 | Lair:1   | Noticed a boulder beetle
  9187 | Lair:1   | Noticed a boulder beetle
  9187 | Lair:1   | Noticed a spriggan rider
  9188 | Lair:1   | Noticed Fannar
  9197 | Lair:1   | Noticed a spriggan berserker
  9198 | Lair:1   | Killed Fannar
  9199 | Lair:1   | Reached skill level 10 in Necromancy
  9199 | Lair:1   | Reached XP level 11. HP: 82/104 MP: 11/19
  9270 | Lair:1   | Noticed a moth of wrath
  9296 | Lair:1   | Reached skill level 1 in Conjurations
  9462 | Lair:1   | Noticed ytrimaz's ghost (journeyman DsBe)
  9477 | Lair:1   | Noticed a boulder beetle
  9494 | Lair:1   | Killed a boulder beetle
  9495 | Lair:1   | Reached skill level 6 in Fighting
  9940 | Lair:1   | You pick up a book of Debilitation and begin reading...
  9940 | Lair:1   | You add the spells Slow and Confusing Touch to your
                  | library.
 10072 | Lair:1   | Reached skill level 6 in Spellcasting
 10202 | Lair:1   | Noticed a spriggan rider
 10212 | Lair:1   | Found a transporter.
 10223 | Lair:1   | Reached skill level 2 in Conjurations
 10521 | Lair:1   | Reached skill level 11 in Necromancy
 10605 | Lair:1   | Reached skill level 7 in Fighting
 10763 | Lair:1   | Learned a level 4 spell: Anguish
 11058 | Lair:1   | Reached skill level 1 in Hexes
 11144 | Lair:1   | You add the spells Ignite Poison, Mephitic Cloud and
                  | Freezing Cloud to your library.
 11337 | Lair:1   | Reached skill level 7 in Spellcasting
 11616 | Lair:2   | Noticed a seven-headed hydra
 11763 | Lair:2   | Killed a seven-headed hydra
 11764 | Lair:2   | Reached skill level 8 in Fighting
 11764 | Lair:2   | Reached XP level 12. HP: 114/119 MP: 17/22
 11781 | Lair:2   | Reached skill level 2 in Hexes
 11884 | Lair:2   | Reached skill level 12 in Necromancy
 11890 | Lair:2   | HP: 24/122 [hell rat (13)]
 11908 | Lair:2   | HP: 27/116 [cane toad (10)]
 11913 | Lair:1   | HP: 29/116 [poisoned by a water moccasin]
 11914 | Lair:1   | HP: 6/116 [cane toad (10)]
 11919 | Lair:1   | HP: 14/118 [poisoned by a cane toad]
 11924 | Lair:1   | HP: 14/119 [poisoned by a cane toad]
 12068 | Lair:2   | Reached skill level 3 in Hexes
 12190 | Lair:2   | Reached skill level 8 in Spellcasting
 12191 | Lair:2   | Reached skill level 9 in Fighting
 12321 | Lair:2   | Found a staircase to the Snake Pit.
 13082 | Lair:3   | Noticed Gastronok
 13082 | Lair:3   | Gastronok the Ponderous comes into view. He is wearing the
                  | +3 hat of Pondering {ponderous, Will+ MP+10 Int+5}.
 13086 | Lair:3   | Aim: Gastronok, wearing the +3 hat of Pondering {ponderous,
                  | Will+ MP+10 Int+5} (ally target, 100% to hit)
 13086 | Lair:3   | Aim: Gastronok, wearing the +3 hat of Pondering {ponderous,
                  | Will+ MP+10 Int+5} (ally target, 100% to hit)
 13087 | Lair:3   | Look: Gastronok, wearing the +3 hat of Pondering
                  | {ponderous, Will+ MP+10 Int+5} (lightly wounded,
                  | constricted by zombie hands, ally target, chance to affect:
                  | 5%)
 13089 | Lair:3   | Aim: Gastronok, wearing the +3 hat of Pondering {ponderous,
                  | Will+ MP+10 Int+5} (moderately wounded, constricted by
                  | zombie hands, ally target, 100% to hit)
 13089 | Lair:3   | Aim: Gastronok, wearing the +3 hat of Pondering {ponderous,
                  | Will+ MP+10 Int+5} (moderately wounded, constricted by
                  | zombie hands, ally target, 100% to hit)
 13090 | Lair:3   | Aim: Gastronok, wearing the +3 hat of Pondering {ponderous,
                  | Will+ MP+10 Int+5} (heavily wounded, constricted by zombie
                  | hands, ally target, 100% to hit)
 13090 | Lair:3   | Aim: Gastronok, wearing the +3 hat of Pondering {ponderous,
                  | Will+ MP+10 Int+5} (heavily wounded, constricted by zombie
                  | hands, ally target, 100% to hit)
 13094 | Lair:3   | Aim: Gastronok, wearing the +3 hat of Pondering {ponderous,
                  | Will+ MP+10 Int+5} (almost dead, not watching you, ally
                  | target, 100% to hit)
 13094 | Lair:3   | Aim: Gastronok, wearing the +3 hat of Pondering {ponderous,
                  | Will+ MP+10 Int+5} (almost dead, not watching you, ally
                  | target, 100% to hit)
 13094 | Lair:3   | Killed Gastronok
 13095 | Lair:3   | Reached skill level 4 in Hexes
 13096 | Lair:3   | You pick up a book of Misfortune and begin reading...
 13096 | Lair:3   | You add the spells Yara's Violent Unravelling and Enfeeble
                  | to your library.
 13238 | Lair:3   | Found a runed translucent gate.
 13238 | Lair:3   | Found a runed translucent gate.
 13250 | Lair:3   | Noticed a minotaur
 13250 | Lair:3   | Noticed an eight-headed hydra
 13250 | Lair:3   | Noticed roflturtle's ghost (journeyman TeFE)
 13280 | Lair:3   | Found a runed translucent gate.
 13776 | Lair:3   | Reached skill level 10 in Fighting
 13776 | Lair:3   | Reached skill level 13 in Necromancy
 13820 | Lair:3   | Found a staircase to the Swamp.
 13961 | Lair:4   | Reached XP level 13. HP: 103/133 MP: 19/25
 13998 | Lair:4   | Reached skill level 9 in Spellcasting
 14006 | Lair:4   | Reached skill level 5 in Hexes
 14202 | Lair:4   | Reached *** piety under Kikubaaqudgha
 14202 | Lair:4   | You add the spells Corpse Rot, Agony, Death Channel and
                  | Simulacrum to your library.
 14202 | Lair:4   | Received a gift from Kikubaaqudgha
 14271 | Lair:4   | Learned a level 6 spell: Death Channel
 14278 | Lair:4   | Learned a level 6 spell: Simulacrum
 14559 | Lair:4   | Reached skill level 11 in Fighting
 14623 | Lair:4   | Reached skill level 1 in Ice Magic
 15094 | Lair:5   | Entered Level 5 of the Lair of Beasts
 15148 | Lair:5   | Reached skill level 14 in Necromancy
 15148 | Lair:5   | Reached skill level 2 in Ice Magic
 15153 | Lair:5   | Reached skill level 10 in Spellcasting
 15217 | Lair:5   | Found a staircase to the Slime Pits.
 15217 | Lair:5   | Found a viscous altar of Jiyva.
 15233 | Lair:5   | Reached skill level 3 in Ice Magic
 15370 | Lair:5   | Reached **** piety under Kikubaaqudgha
 15371 | Lair:5   | Reached skill level 12 in Fighting
 15396 | Lair:5   | Reached XP level 14. HP: 119/149 MP: 15/28
 15468 | Lair:5   | Reached skill level 4 in Ice Magic
 15584 | Lair:5   | Reached skill level 11 in Spellcasting
 15614 | Lair:5   | Reached ***** piety under Kikubaaqudgha
 15851 | Lair:5   | Reached skill level 13 in Fighting
 15851 | Lair:5   | Reached skill level 5 in Ice Magic
 15855 | Lair:5   | Identified the +0 robe of Lemiwket {Rampage}
 15997 | Lair:5   | Found a corrupted altar of Lugonu.
 15997 | Lair:5   | Found a one-way gate to the infinite horrors of the Abyss.
 16616 | D:8      | You add the spells Blink, Manifold Assault and Storm Form
                  | to your library.
 16666 | D:8      | Reached skill level 6 in Ice Magic
 16690 | D:8      | Found a radiant altar of Vehumet.
 16734 | D:8      | You pick up a book of the Moon and begin reading...
 16734 | D:8      | You add the spells Passage of Golubria, Silence and
                  | Lehudib's Crystal Spear to your library.
 17114 | D:9      | Reached skill level 14 in Fighting
 17230 | D:9      | Found a bloodstained altar of Trog.
 17271 | D:9      | Found a sparkling altar of Nemelex Xobeh.
 17271 | D:9      | Found an iron altar of Okawaru.
 17315 | D:9      | Found a flagged portal.
 17467 | D:9      | Identified the ring of Nupsapaps {Int+3 Dex+6}
 17595 | D:9      | Found an opulent altar of Gozag.
 17685 | Bailey   | Entered a bailey
 18085 | Bailey   | Identified the +0 scale mail "Ivvahupp" {rElec rN+ Int+4
                  | Stlth+}
 18194 | D:10     | Entered Level 10 of the Dungeon
 18213 | D:10     | Reached skill level 7 in Ice Magic
 18470 | D:10     | Found Iwamp's Magic Scroll Shop.
 18847 | D:10     | Found a staircase to the Orcish Mines.
 19153 | D:10     | Identified the +0 plate armour of Decompression {rN+ Will+}
 19546 | D:11     | Reached skill level 15 in Fighting
 19718 | D:11     | Found Keosh's Distillery.
 19886 | D:11     | Bought a potion of magic for 104 gold pieces
 19886 | D:11     | Bought a potion of resistance for 130 gold pieces
 20139 | D:12     | Reached XP level 15. HP: 167/167 MP: 1/30
 20193 | D:12     | Identified the +5 short sword "Kikhla" {vorpal, rC- Int+6}
 20413 | D:12     | Found Cuisosme's Book Shop.
 20419 | D:12     | Bought a book of Touch for 338 gold pieces
 20419 | D:12     | You pick up a book of Touch and begin reading...
 20419 | D:12     | You add the spells Sticky Flame and Dispel Undead to your
                  | library.
 20424 | D:12     | Learned a level 4 spell: Dispel Undead
 20884 | D:12     | Found a portal to a secret trove of treasure.
 20903 | D:12     | This trove needs the horn of Geryon to function. Give it
                  | the item?
 21514 | D:13     | Noticed Jorgrun
 21527 | D:13     | Killed Jorgrun
 21528 | D:13     | Reached skill level 8 in Ice Magic
 21529 | D:13     | Noticed Snorg
 21533 | D:13     | Killed Snorg
 21600 | D:13     | You pick up a book of Displacement and begin reading...
 21679 | D:13     | Your ally Jorgrun died
 21699 | D:13     | Reached skill level 15 in Necromancy
 21711 | D:13     | Reached skill level 12 in Spellcasting
 21929 | D:13     | Reached skill level 16 in Fighting
 22218 | D:13     | Identified a scroll of acquirement
 22219 | D:13     | Acquired a staff of death
 22294 | D:13     | Reached skill level 9 in Ice Magic
 22306 | D:13     | You pick up a book of Lightning and begin reading...
 22310 | D:13     | Found a shadowy altar of Dithmenos.
 22319 | D:13     | Reached XP level 16. HP: 176/179 MP: 21/32
 22325 | D:13     | You pick up a book of Fire and begin reading...
 22325 | D:13     | You add the spells Fireball, Starburst and Ignition to your
                  | library.
 22577 | D:13     | You pick up a book of Hexes and begin reading...
 22577 | D:13     | You add the spells Inner Flame, Cause Fear and Discord to
                  | your library.
 22627 | D:13     | You pick up a book of Vapours and begin reading...
 22704 | D:13     | Found a shimmering altar of Xom.
 22707 | D:13     | You pick up a book of Air and begin reading...
 22707 | D:13     | You add the spells Shock, Swiftness and Airstrike to your
                  | library.
 23190 | D:14     | Identified the +1 cloak of Baldness {rPois}
 23276 | D:14     | Noticed Roxanne
 23283 | D:14     | Noticed Josephine
 23289 | D:14     | Killed Josephine
 23351 | D:14     | Noticed Kirke
 23363 | D:14     | Killed Kirke
 23557 | D:14     | You pick up a book of the Wilderness and begin reading...
 23557 | D:14     | You add the spells Summon Forest, Summon Mana Viper and
                  | Summon Cactus Giant to your library.
 24170 | Orc:1    | Entered Level 1 of the Orcish Mines
 24271 | Orc:1    | Found Siopelle's Antique Weapon Emporium.
 24658 | Orc:2    | Entered Level 2 of the Orcish Mines
 24958 | Orc:2    | Found a staircase to the Elven Halls.
 25057 | Orc:2    | Reached skill level 16 in Necromancy
 25506 | Orc:2    | Found Ewagykk's Weapon Emporium.
 25649 | Orc:2    | Found Xocral's Armour Shoppe.
 25657 | Orc:2    | Reached skill level 13 in Spellcasting
 26120 | Orc:2    | Found Fupp's Distillery.
 26157 | Orc:2    | Bought a potion of brilliance for 72 gold pieces
 26157 | Orc:2    | Bought a potion of heal wounds for 90 gold pieces
 26157 | Orc:2    | Bought a potion of cancellation for 144 gold pieces
 26296 | Orc:2    | Reached skill level 17 in Fighting
 26417 | Orc:2    | Found Ludghug's Antique Weapon Boutique.
 27101 | D:15     | Entered Level 15 of the Dungeon
 27188 | D:15     | Found Utsonunk's Armour Shoppe.
 27194 | D:15     | Bought the +18 shield of the Gong {rElec rN+ Will+ EV-5}
                  | for 1362 gold pieces
 27194 | D:15     | Found the +18 shield of the Gong {rElec rN+ Will+ EV-5}
 27213 | D:15     | Found a staircase to the Depths.
 27404 | D:15     | Reached skill level 1 in Shields
 27624 | D:15     | Found Bigum Ikuog's General Store.
 27683 | D:15     | Found Toseumm's Distillery.
 28105 | Snake:1  | Entered Level 1 of the Snake Pit
 28136 | Snake:1  | Reached skill level 2 in Shields
 28136 | Snake:1  | Reached skill level 10 in Ice Magic
 28850 | Snake:2  | Reached XP level 17. HP: 192/192 MP: 34/34
 29050 | Snake:2  | Reached skill level 3 in Shields
 29290 | Snake:2  | Reached skill level 17 in Necromancy
 29776 | Snake:3  | Learned a level 8 spell: Infestation
 30047 | Snake:3  | Reached skill level 4 in Shields
 30057 | Snake:3  | Reached skill level 14 in Spellcasting
 31081 | Snake:4  | Entered Level 4 of the Snake Pit
 31226 | Snake:4  | Reached skill level 5 in Shields
 31374 | Snake:4  | Reached skill level 6 in Shields
 31377 | Snake:4  | Reached skill level 18 in Necromancy
 31396 | Snake:4  | Got a serpentine rune of Zot
 31575 | Snake:4  | Reached XP level 18. HP: 202/202 MP: 28/36
 31598 | Snake:4  | Noticed Mlioglotl
 31608 | Snake:4  | Killed Mlioglotl
 31609 | Snake:4  | Reached skill level 7 in Shields
 31637 | Snake:4  | Reached ****** piety under Kikubaaqudgha
 31775 | Snake:4  | You pick up a book of Callings and begin reading...
 31775 | Snake:4  | You add the spells Summon Small Mammal, Call Canine
                  | Familiar and Summon Guardian Golem to your library.
 32314 | Snake:4  | You add the spells Borgnjor's Revivification and
                  | Necromutation to your library.
 32314 | Snake:4  | Received a gift from Kikubaaqudgha
 32526 | Swamp:1  | Entered Level 1 of the Swamp
 32615 | Swamp:1  | You are sucked into a shaft and drop 1 floor!
 32697 | Swamp:1  | Reached skill level 19 in Necromancy
 32717 | Swamp:1  | Reached skill level 8 in Shields
 33225 | Swamp:2  | Found a blossoming altar of Fedhas.
 33372 | Swamp:2  | You pick up a book of Sloth and begin reading...
 33372 | Swamp:2  | You add the spells Metabolic Englaciation and Statue Form
                  | to your library.
 33686 | Swamp:3  | Reached skill level 9 in Shields
 34244 | Swamp:4  | Entered Level 4 of the Swamp
 34334 | Swamp:4  | Noticed Nikola
 34342 | Swamp:4  | Killed Nikola
 34401 | Swamp:4  | You pick up a book of the Warp and begin reading...
 34456 | Swamp:4  | Reached skill level 10 in Shields
 34456 | Swamp:4  | Reached XP level 19. HP: 211/211 MP: 36/37
 34464 | Swamp:4  | Reached skill level 20 in Necromancy
 34808 | Swamp:4  | Got a decaying rune of Zot
 34878 | Swamp:4  | Noticed Donald
 34884 | Swamp:4  | Killed Donald
 35583 | D:14     | Reached skill level 18 in Fighting
 35586 | D:14     | Found a gate to the Vaults.
 35790 | Vaults:1 | Entered Level 1 of the Vaults
 35896 | Vaults:1 | Found Leig's Jewellery Boutique.
 35927 | Vaults:1 | Bought a +6 ring of intelligence for 468 gold pieces
 36282 | Vaults:1 | Found a large runed translucent door.
 36282 | Vaults:1 | Found a large runed translucent door.
 36283 | Vaults:1 | Found a large runed translucent door.
 36283 | Vaults:1 | Found a large runed translucent door.
 36283 | Vaults:1 | Found a large runed translucent door.
 36283 | Vaults:1 | Found a large runed translucent door.
 36283 | Vaults:1 | Found a large runed translucent door.
 36283 | Vaults:1 | Found a large runed translucent door.
 36283 | Vaults:1 | Noticed Hyuliamusu's ghost (adept DjSu)
 36590 | Vaults:1 | Upgraded the game from 0.29-a0-1027-gcd8c55af63 to
                  | 0.29-a0-1033-gb6c65ffae6
 36605 | Vaults:1 | Reached skill level 11 in Shields
 37284 | Vaults:2 | Reached skill level 21 in Necromancy
 37310 | Vaults:2 | You add the spells Malign Gateway and Summon Horrible
                  | Things to your library.
 37354 | Vaults:2 | Reached XP level 20. HP: 215/223 MP: 21/38
 37391 | Vaults:2 | Reached skill level 15 in Spellcasting
 37396 | Vaults:2 | Reached skill level 19 in Fighting
 37583 | Vaults:2 | Found a staircase to the Crypt.
 37756 | Vaults:2 | Reached skill level 12 in Shields
 37804 | Vaults:2 | Learned a level 7 spell: Haunt
 37859 | Vaults:2 | You fall into a shaft and drop 1 floor!
 37977 | Vaults:3 | Reached skill level 1 in Summonings
 38039 | Vaults:3 | Reached skill level 2 in Summonings
 38189 | Vaults:3 | Reached skill level 3 in Summonings
 38434 | Vaults:3 | Noticed Frederick
 38486 | Vaults:3 | Killed Frederick
 38629 | Vaults:3 | Reached skill level 4 in Summonings
 38779 | Vaults:3 | Found the +10 Black Knight's barding {ponderous, rPois rN+}
 39641 | Vaults:2 | Reached XP level 21. HP: 223/236 MP: 16/40
 39662 | Vaults:2 | Reached skill level 20 in Fighting
 39662 | Vaults:2 | Reached skill level 16 in Spellcasting
 39674 | Vaults:2 | Reached skill level 5 in Summonings
 39900 | Vaults:2 | Identified the +6 chain mail "Kyuw" {*Slow Regen+ Str+3
                  | Slay+3}
 40519 | Vaults:4 | Noticed Zenata
 40791 | Vaults:4 | Reached skill level 13 in Shields
 40791 | Vaults:4 | Reached skill level 6 in Summonings
 41139 | Vaults:4 | Noticed Xtahua
 41473 | Vaults:4 | Killed Xtahua
 41636 | Vaults:4 | Reached skill level 7 in Summonings
 41760 | Vaults:4 | Killed Zenata
 41767 | Vaults:4 | a +2 eveningstar of freezing {macerare=g}; a +0 ring mail;
                  | a potion of degeneration {!q@e2}
 42207 | Vaults:4 | a +2 eveningstar of freezing {macerare=g}; a +0 ring mail;
                  | a potion of degeneration {!q@e2}
 42207 | Vaults:4 | a +2 eveningstar of freezing {macerare=g}; a +0 ring mail;
                  | a potion of degeneration {!q@e2}
 42207 | Vaults:4 | Could not pick up a +2 eveningstar of freezing {macerare=g}
                  | here; ([A]lways) ignore it?
 42371 | Vaults:4 | a +2 eveningstar of freezing {macerare}; a +0 ring mail; a
                  | potion of degeneration {!q@e2}
 42775 | Elf:1    | Entered Level 1 of the Elven Halls
 42781 | Elf:1    | Paralysed by an air elemental for 1 turns
 42791 | Elf:1    | Paralysed by an air elemental for 1 turns
 42792 | Elf:1    | Reached skill level 8 in Summonings
 42797 | Elf:1    | Paralysed by an air elemental for 1 turns
 42870 | Elf:1    | Found a magical portal.
 43015 | Elf:1    | Reached skill level 22 in Necromancy
 43063 | Elf:1    | Reached skill level 9 in Summonings
 43185 | WizLab   | Entered Lehudib's Moon Base
 43288 | WizLab   | Reached skill level 14 in Shields
 43305 | WizLab   | Reached XP level 22. HP: 213/247 MP: 42/42
 43457 | WizLab   | Reached skill level 10 in Summonings
 43617 | WizLab   | Reached skill level 15 in Shields
 43670 | WizLab   | Found a transporter.
 43780 | WizLab   | Found a transporter.
 43903 | WizLab   | Identified the ring "Dozaxomo" {Fire Dex+2}
 44158 | WizLab   | a moon troll comes into view. It is wearing the +4 moon
                  | troll leather armour {Spirit, Regen++ MP+5}.
 44159 | WizLab   | Aim: a moon troll, wearing the +4 moon troll leather armour
                  | {Spirit, Regen++ MP+5} (ally target, 100% to hit)
 44159 | WizLab   | Aim: a moon troll, wearing the +4 moon troll leather armour
                  | {Spirit, Regen++ MP+5} (ally target, 100% to hit)
 44160 | WizLab   | Aim: a moon troll, wearing the +4 moon troll leather armour
                  | {Spirit, Regen++ MP+5} (lightly wounded, constricted by
                  | zombie hands, ally target)
 44160 | WizLab   | Aim: a moon troll, wearing the +4 moon troll leather armour
                  | {Spirit, Regen++ MP+5} (lightly wounded, constricted by
                  | zombie hands, ally target)
 44234 | WizLab   | You add the spells Frozen Ramparts, Hailstorm and Ozocubu's
                  | Refrigeration to your library.
 44234 | WizLab   | Got Nocvuagg's Atlas of the Winter
 44235 | WizLab   | Identified the +2 hat of the Sun {rPois Int+2 Stlth+}
 44419 | Elf:1    | You pick up a book of the Earth and begin reading...
 44419 | Elf:1    | You add the spells Leda's Liquefaction and Lee's Rapid
                  | Deconstruction to your library.
 44975 | Elf:1    | Found Ritz's Jewellery Boutique.
 44975 | Elf:1    | Found Diplit's Book Shoppe.
 44976 | Elf:1    | Found Xeabbaumy's Book Shoppe.
 45145 | Elf:2    | Noticed Azrael
 45343 | Elf:2    | Killed Azrael
 45412 | Elf:2    | Found a runed translucent gate.
 45414 | Elf:2    | Found a runed translucent gate.
 45414 | Elf:2    | Found a runed translucent gate.
 45557 | Elf:2    | You pick up a book of Dangerous Friends and begin
                  | reading...
 45557 | Elf:2    | You add the spells Orb of Destruction and Spellforged
                  | Servitor to your library.
 45788 | Elf:3    | Entered Level 3 of the Elven Halls
 46090 | Elf:3    | You pick up a book of Touch and begin reading...
 46299 | Elf:3    | Identified the +1 leather armour of Misanthropy {Str+6
                  | Int-4 SInv}
 46339 | Elf:3    | Identified the +4 mace "Goblinslayer" {vorpal, rF+ rN+}
 47051 | Elf:3    | Identified the +7 spear of the Inviting Gods {vorpal,
                  | Stlth+}
 47060 | Elf:3    | Reached skill level 21 in Fighting
 47101 | Elf:3    | Found the +7 Kryia's mail coat {PotionHeal*2 rC+}
 47104 | Elf:3    | Found the +9 scales of the Dragon King {rPois rF+ rC+
                  | Will+}
 47119 | Elf:3    | You pick up a book of the Warp and begin reading...
 47122 | Elf:3    | Got the Enchiridion on the Translocated Quarry
 47178 | Elf:3    | Got the Atlas of Left-Handed Arts
 47180 | Elf:3    | You pick up a book of Burglary and begin reading...
 47538 | Depths:1 | Entered Level 1 of the Depths
 47556 | Depths:1 | Reached skill level 17 in Spellcasting
 47556 | Depths:1 | Reached XP level 23. HP: 238/260 MP: 44/44
 47573 | Depths:1 | Reached skill level 23 in Necromancy
 47629 | Depths:1 | Upgraded the game from 0.29-a0-1033-gb6c65ffae6 to
                  | 0.29-a0-1043-g569b05d6ff
 47796 | Depths:1 | Identified the ring "Tois" {rElec rF+}
 48394 | Depths:1 | Found a gateway to Hell.
 48808 | Depths:2 | Found a one-way gateway to a ziggurat.
 48951 | Depths:2 | You pick up a book of the Tundra and begin reading...
 49046 | Depths:2 | Found a one-way gate leading to the halls of Pandemonium.
 49249 | Depths:2 | Paralysed by a floating eye for 3 turns
 49311 | Depths:2 | Noticed a juggernaut
 49321 | Depths:2 | Killed a juggernaut
 49325 | Depths:2 | Reached skill level 22 in Fighting
 49338 | Depths:2 | Reached skill level 18 in Spellcasting
 49692 | Depths:2 | a +5 lajatang {staff}; +1 shadow dragon scales {rare}
 49751 | Depths:2 | a +7 longbow {bow}; quicksilver dragon scales {rare}
 49751 | Depths:2 | a +7 longbow {bow}; quicksilver dragon scales {rare}
 49751 | Depths:2 | Could not pick up a +7 longbow {bow} and quicksilver dragon
                  | scales {rare} here; ([A]lways) ignore them?
 49753 | Depths:2 | a +5 lajatang {staff}; +1 shadow dragon scales {rare}
 49753 | Depths:2 | a +5 lajatang {staff}; +1 shadow dragon scales {rare}
 49753 | Depths:2 | Could not pick up a +5 lajatang {staff} and +1 shadow
                  | dragon scales {rare} here; ([A]lways) ignore them?
 50327 | Depths:2 | Reached skill level 23 in Fighting
 50361 | Depths:2 | Reached skill level 19 in Spellcasting
 50394 | Depths:2 | You pick up a book of Burglary and begin reading...
 50749 | Depths:3 | Found an ornate altar of the Wu Jian Council.
 50913 | Depths:3 | Reached XP level 24. HP: 279/279 MP: 26/46
 51328 | Depths:3 | Noticed a curse skull
 51353 | Depths:3 | Killed a curse skull
 51876 | Depths:3 | Found Jeihas's Jewellery Shop.
 52257 | Depths:4 | Entered Level 4 of the Depths
 52356 | Depths:4 | Reached skill level 24 in Fighting
 52441 | Depths:4 | Learned a level 8 spell: Ignition
 52461 | Depths:4 | You pick up a book of the Wilderness and begin reading...
 52546 | Depths:4 | Reached skill level 20 in Spellcasting
 52574 | Depths:4 | Reached skill level 1 in Fire Magic
 52625 | Depths:4 | Reached skill level 2 in Fire Magic
 52632 | Depths:4 | Noticed Vv
 52642 | Depths:4 | Killed Vv
 52650 | Depths:4 | Reached skill level 3 in Fire Magic
 52651 | Depths:4 | Found a runed translucent door.
 52651 | Depths:4 | Noticed Ryaff's ghost (adept FeVM)
 52709 | Depths:4 | Reached skill level 4 in Fire Magic
 52739 | Depths:4 | Found a gate to the Realm of Zot.
 53534 | Vaults:5 | Entered Level 5 of the Vaults
 53588 | Vaults:5 | Reached skill level 5 in Fire Magic
 53591 | Vaults:5 | Reached skill level 25 in Fighting
 53708 | Vaults:5 | Reached skill level 6 in Fire Magic
 53773 | Vaults:5 | Reached skill level 7 in Fire Magic
 53791 | Vaults:5 | Identified the +1 plate armour of Canosh {rC+ Str-5 Dex+4}
 53791 | Vaults:5 | Identified the amulet of Xom's Capriciousness {Spirit rElec
                  | rN++ Dex-3 SInv}
 53807 | Vaults:5 | Reached skill level 8 in Fire Magic
 53855 | Vaults:5 | a yaktaur captain comes into view. It is wielding the +8
                  | frozen axe "Frostbite" {freezing cloud, *Noise Fly rC+} and
                  | quivering boomerangs of dispersal.
 53859 | Vaults:5 | Aim: a yaktaur captain, wielding the +8 frozen axe
                  | "Frostbite" {freezing cloud, *Noise Fly rC+} and quivering
                  | boomerangs of dispersal (unusually resistant, 100% to hit)
 53859 | Vaults:5 | Aim: a yaktaur captain, wielding the +8 frozen axe
                  | "Frostbite" {freezing cloud, *Noise Fly rC+} and quivering
                  | boomerangs of dispersal (unusually resistant, 100% to hit)
 53863 | Vaults:5 | Reached XP level 25. HP: 265/295 MP: 34/47
 53873 | Vaults:5 | Reached skill level 9 in Fire Magic
 54056 | Vaults:5 | Identified the +4 glaive of Crusades {vorpal, rPois}
 54059 | Vaults:5 | Aim: a vault guard, wielding the +3 greatsling "Punk"
                  | {acid, rCorr} and wearing a +0 plate armour (slightly
                  | transparent, not watching you)
 54059 | Vaults:5 | Aim: a vault guard, wielding the +3 greatsling "Punk"
                  | {acid, rCorr} and wearing a +0 plate armour (slightly
                  | transparent, not watching you)
 54060 | Vaults:5 | Aim: a vault guard, wielding the +3 greatsling "Punk"
                  | {acid, rCorr} and wearing a +0 plate armour (slightly
                  | transparent, ally target)
 54060 | Vaults:5 | Aim: a vault guard, wielding the +3 greatsling "Punk"
                  | {acid, rCorr} and wearing a +0 plate armour (slightly
                  | transparent, ally target)
 54081 | Vaults:5 | Reached skill level 10 in Fire Magic
 54218 | Vaults:5 | Reached skill level 11 in Fire Magic
 54233 | Vaults:5 | You pick up a book of Changes and begin reading...
 54233 | Vaults:5 | You add the spells Beastly Appendage, Wereblood and Spider
                  | Form to your library.
 54239 | Vaults:5 | You pick up a book of the Sky and begin reading...
 54245 | Vaults:5 | Got a silver rune of Zot
 54412 | Vaults:5 | You pick up a book of Hexes and begin reading...
 54420 | Vaults:5 | You add the spells Dazzling Flash and Tukima's Dance to
                  | your library.
 54420 | Vaults:5 | Got the Almanac of the Entourage and Guile
 54524 | Vaults:5 | You add the spells Call Imp and Dragon's Call to your
                  | library.
 54524 | Vaults:5 | Got the Essays on the Comitatus and Grit
 55010 | Vaults:5 | Found the +6 lightning scales {swift, rElec}
 55308 | Crypt:1  | Entered Level 1 of the Crypt
 55395 | Crypt:1  | Noticed a caustic shrike
 55395 | Crypt:1  | Killed a caustic shrike
 55396 | Crypt:1  | Noticed a shard shrike
 55396 | Crypt:1  | Noticed a caustic shrike
 55398 | Crypt:1  | Killed a caustic shrike
 55409 | Crypt:1  | Reached skill level 12 in Fire Magic
 55526 | Crypt:1  | You pick up a book of the Warp and begin reading...
 55559 | Crypt:1  | Noticed Grunn
 55566 | Crypt:1  | Killed Grunn
 55779 | Crypt:1  | Reached skill level 13 in Fire Magic
 56925 | Crypt:3  | Entered Level 3 of the Crypt
 56942 | Crypt:3  | Reached skill level 14 in Fire Magic
 57103 | Crypt:3  | Identified the ring of Xom's Passing Interest {rC+ rN+ MP+9
                  | Int-3}
 57103 | Crypt:3  | Identified the ring of Unusy {rN+ Dex+4}
 57103 | Crypt:3  | Identified the ring of Hul Ehu {rN+ Dex+7}
 57285 | Crypt:3  | Reached skill level 15 in Fire Magic
 57360 | Crypt:3  | Reached XP level 26. HP: 305/305 MP: 34/47
 57426 | Crypt:3  | Noticed an ancient lich
 57433 | Crypt:3  | Killed an ancient lich
 57449 | Crypt:3  | Found an ancient bone altar of Kikubaaqudgha.
 57711 | Crypt:3  | Found a staircase to the Tomb.
 58677 | Lair:1   | Killed ytrimaz's ghost
 58784 | Lair:3   | Killed roflturtle's ghost
 58785 | Lair:3   | Reached skill level 16 in Fire Magic
 59082 | Zot:1    | Entered Level 1 of the Realm of Zot
 59213 | Zot:1    | Noticed a curse toe
 59218 | Zot:1    | Killed a curse toe
 59315 | Zot:1    | Reached skill level 17 in Fire Magic
 59968 | Zot:1    | +0 storm dragon scales {rare}; a storm dragon corpse
 59970 | Zot:1    | +0 storm dragon scales {rare}; a storm dragon corpse
 60018 | Zot:2    | Found the +3 salamander hide armour {Flames rF++ rC--}
 60378 | Zot:2    | Noticed an electric golem
 60395 | Zot:2    | Killed an electric golem
 60863 | Zot:2    | Reached skill level 18 in Fire Magic
 61537 | Zot:3    | Reached skill level 26 in Fighting
 61537 | Zot:3    | Reached XP level 27. HP: 295/318 MP: 38/47
 61547 | Zot:3    | Learned a level 9 spell: Death's Door
 61572 | Zot:3    | Reached skill level 21 in Spellcasting
 61760 | Zot:3    | Found the +10 morningstar "Eos" {elec, Halo rElec}
 61924 | Zot:3    | Identified the amulet "Esexyimn" {+Blink rElec Regen+ Str+4
                  | Stlth+}
 62653 | Zot:4    | Noticed an orb of fire
 62653 | Zot:4    | Noticed an orb of fire
 62653 | Zot:4    | Gained mutation: Your magical capacity is low. (-10% MP)
                  | [an orb of fire]
 62798 | Zot:3    | Lost mutation: Your magical capacity is low. (-10% MP)
                  | [potion of mutation]
 62798 | Zot:3    | Gained mutation: Armour fits poorly on your strangely
                  | shaped body. [potion of mutation]
 62798 | Zot:3    | Gained mutation: You are clumsy. (Dex -2) [potion of
                  | mutation]
 62929 | Zot:5    | Entered Level 5 of the Realm of Zot
 63089 | Zot:5    | Noticed an ancient lich
 63092 | Zot:5    | Noticed an electric golem
 63094 | Zot:5    | Noticed an orb of fire
 63094 | Zot:5    | Noticed an orb of fire
 63096 | Zot:5    | Noticed an orb of fire
 63097 | Zot:5    | Noticed an orb of fire
 63106 | Zot:4    | Found the +4 dragonskin cloak
 63106 | Zot:4    | Noticed Tiamat
 63108 | Zot:4    | HP: 78/321 [green draconian/+0 glaive[Tiamat] (18)]
 63116 | Zot:4    | Succumbed to a green draconian's poison

Vanquished Creatures
  Xtahua (Vaults:4)
  4 golden dragons
  A Tzitzimitl (Depths:2)
  A bone dragon (Zot:3)
  Nikola (Swamp:4)
  Jorgrun (D:13)
  7 tentacled monstrosities
  3 liches
  A titan (Depths:2)
  2 walking frostbound tomes
  A walking divine tome (Depths:2)
  A deep elf blademaster (Depths:2)
  4 quicksilver dragons
  2 death cobs
  Kirke (D:14)
  2 tengu reavers
  A fenstrider witch (Swamp:2)
  A draconian monk (Zot:2)
  8 storm dragons
  A revenant (Crypt:1)
  3 nagarajas
  A draconian knight (Zot:1)
  A frost giant (Vaults:5)
  4 fire giants
  3 vault wardens
  2 draconian scorchers
  9 deep elf sorcerers
  A ghost moth (Zot:1)
  An orc warlord (Orc:2)
  2 draconian shifters
  A cacodemon (WizLab)
  A curse skull (Depths:3)
  2 ghouls
  An ironbound preserver (Vaults:2)
  2 spriggan defenders
  4 draconian annihilators
  3 draconian stormcallers
  A caustic shrike skeleton (Depths:2)
  4 war gargoyles
  8 vampire knights
  6 very ugly things
  4 stone giants
  3 ironbound thunderhulks
  4 black draconians
  A red draconian (Zot:1)
  3 deep elf demonologists
  A minotaur (Lair:3)
  3 green draconians
  3 deep elf annihilators
  2 entropy weavers
  2 spark wasps
  Azrael (Elf:2)
  5 dire elephants
  4 white draconians
  A bunyip (Swamp:2)
  2 purple draconians
  4 yellow draconians
  The ghost of roflturtle the Arsonist, a journeyman TeFE of Vehumet (Lair:3)
  2 deep elf death magi
  Josephine (D:14)
  4 ettins
  2 crystal guardians
  4 fire dragons
  3 yaktaur captains
  2 deep elf high priests
  Fannar (Lair:1)
  3 ice dragons
  An ogre mage (Vaults:5)
  A peacekeeper (Vaults:2)
  2 spriggan air magi
  7 hydras
  A boulder beetle (shapeshifter) (Depths:4)
  A spriggan skeleton (Depths:2)
  2 naga warriors
  5 boulder beetles
  13 vault guards
  An anaconda (Snake:4)
  3 ironbound frosthearts
  3 two-headed ogres
  6 dancing weapons
  7 centaur warriors
  3 orc high priests (Orc:2)
  6 death yaks
  A vampire mage (Crypt:1)
  A deep troll earth mage (Depths:4)
  A tengu warrior (D:13)
  3 alligators
  10 hell knights
  A bennu skeleton (Crypt:1)
  4 spriggan berserkers
  2 shock serpents
  3 naga sharpshooters
  11 deep elf knights
  3 soul eaters
  A fire crab (shapeshifter) (D:15)
  A salamander mystic (Snake:4)
  A golden dragon zombie (Crypt:3)
  A spriggan rider (Depths:3)
  2 iron trolls
  A swamp dragon (Swamp:3)
  3 glowing orange brains
  6 skeletal warriors
  A death drake (shapeshifter) (Lair:5)
  2 naga ritualists
  13 deep trolls
  13 deep elf pyromancers
  5 ironbound convokers
  6 deep elf archers
  3 necromancers
  A stone giant zombie (D:15)
  8 lindwurms
  2 wizards
  2 orc knights (Orc:2)
  A golden dragon skeleton (Depths:2)
  4 deep elf zephyrmancers
  A mana viper (Snake:1)
  A shining eye (shapeshifter) (Vaults:5)
  A fire giant zombie (Depths:2)
  A wolf spider (D:13)
  4 orc sorcerers (Orc:2)
  10 ugly things
  2 cyclopes
  2 salamanders
  5 vault sentinels
  8 moths of wrath
  4 naga magi
  2 guardian serpents
  2 manticores (D:13)
  2 eyes of devastation (WizLab)
  6 black mambas
  3 gargoyles
  8 cane toads
  2 centaur skeletons (D:10)
  An unseen horror (D:10)
  A minotaur zombie (Crypt:2)
  2 hellwings (D:10)
  A rime drake (Lair:4)
  An efreet (D:13)
  5 komodo dragons
  4 yaktaurs
  4 tengu conjurers
  A catoblepas skeleton (Crypt:2)
  A polar bear (Lair:3)
  An ancient zyme (Lair:5)
  A meliai (D:13)
  A bloated husk (Swamp:4)
  A queen bee (shapeshifter) (Lair:5)
  6 hornets
  3 tyrant leeches
  9 trolls
  19 blink frogs
  4 dream sheep (Lair:5)
  2 meliai zombies (D:10)
  A snapping turtle (shapeshifter) (Vaults:4)
  A ynoxinul (Lair:5)
  Sigmund (D:6)
  A starcursed mass (WizLab)
  11 flying skulls (Crypt:3)
  A water elemental (Elf:3)
  A jumping spider (shapeshifter) (Elf:2)
  2 vampires
  6 wyverns
  6 spriggans
  A fire elemental (Swamp:4)
  2 hogs (D:14)
  34 yaks
  2 wraiths (D:10)
  5 basilisks
  2 steam dragons
  A chaos spawn (Lair:5)
  An elf skeleton (Vaults:2)
  3 vampire mosquitoes
  A neqoxec (WizLab)
  Edmund (D:5)
  11 nagas
  Menkaure (D:4)
  4 swamp worms
  A glowing shapeshifter zombie (Depths:2)
  A water moccasin (shapeshifter) (Vaults:5)
  13 water moccasins
  2 acid dragons (D:10)
  2 wargs (Orc:2)
  A swamp drake (D:10)
  22 orc warriors
  5 small abominations (Lair:5)
  A black bear (D:9)
  9 ogres
  3 centaurs
  7 wolves
  A nameless horror (Depths:2)
  2 phantoms
  Blork the orc (D:6)
  2 kobold brigands
  2 necrophages (D:6)
  15 bullfrogs
  2 earth elementals
  6 scorpions (D:5)
  17 wights
  3 killer bees
  8 vampire bats (Bailey)
  5 electric eels
  3 howler monkeys
  7 wolf zombies (Bailey)
  3 centaur zombies
  3 hounds
  A human zombie (Ossuary)
  19 orc priests
  A gnoll bouda (D:7)
  Jessica (D:3)
  Ijyb (D:5)
  3 iguanas
  17 orc wizards
  3 hell rats
  A mummy (D:4)
  8 gnolls (D:7)
  4 adders
  5 shadow imps
  A white imp (D:6)
  A worm zombie (D:4)
  2 worms (D:2)
  A dart slug (D:3)
  63 orcs
  7 bats
  A bat zombie (Crypt:1)
  8 endoplasms
  6 giant cockroaches
  4 goblins
  4 hobgoblins
  4 jackals
  12 kobolds
  4 quokkas
  3 ball pythons
  3 frilled lizards
  A goblin zombie (Ossuary)
  9 hobgoblin zombies (Ossuary)
  2 jackal zombies (Ossuary)
  6 kobold zombies (Ossuary)
  25 orc zombies
  6 rats
965 creatures vanquished.

Vanquished Creatures (collateral kills)
  An ancient lich (Crypt:3)
  A juggernaut (Depths:2)
  Vv (Depths:4)
  A shard shrike (Crypt:1)
  Frederick (Vaults:3)
  A curse toe (Zot:1)
  8 golden dragons
  A caustic shrike (Crypt:1)
  4 bone dragons
  An electric golem (Zot:2)
  3 doom hounds
  3 hellephants
  Mlioglotl (Snake:4)
  8 tentacled monstrosities
  Zenata (Vaults:4)
  7 Orb Guardians (Zot:5)
  A moon troll (WizLab)
  6 liches
  Grunn (Crypt:1)
  4 titans
  3 quicksilver dragons
  A walking divine tome (Depths:2)
  A walking frostbound tome (Depths:2)
  A death cob (Zot:1)
  A deep elf master archer (Depths:2)
  6 sphinxes
  9 tentacled starspawn (WizLab)
  Gastronok (Lair:3)
  3 tengu reavers (Vaults:5)
  17 nagarajas
  3 draconian monks
  5 shadow dragons
  Donald (Swamp:4)
  2 draconian knights
  8 vault wardens
  15 storm dragons
  A fenstrider witch (Swamp:4)
  5 fire giants
  A ghost moth (Zot:2)
  3 draconian scorchers (Zot:3)
  2 deep elf elementalists (Elf:3)
  3 frost giants
  4 deep elf sorcerers
  2 cacodemons
  3 iron dragons
  3 ghouls
  2 draconian stormcallers (Zot:3)
  6 draconian shifters
  11 ironbound preservers
  10 very ugly things
  4 ironbound thunderhulks
  9 stone giants
  2 draconian annihilators
  3 eleionomae
  A deep elf demonologist (Elf:3)
  6 vampire knights
  5 green draconians
  5 yellow draconians
  4 black draconians
  8 war gargoyles
  2 starcursed masses (WizLab)
  A putrid mouth (Depths:2)
  8 spark wasps
  8 red draconians
  3 bunyips
  7 deep elf annihilators
  An entropy weaver (Vaults:5)
  8 purple draconians
  6 dire elephants
  10 white draconians
  The ghost of ytrimaz the Cleaver, a journeyman DsBe of Trog (Lair:1)
  5 deep elf death magi
  3 eidola
  8 ettins
  8 fire dragons
  3 crystal guardians
  A quicksilver dragon zombie (Crypt:2)
  5 yaktaur captains
  18 great orbs of eyes
  3 deep elf high priests
  4 rakshasas
  A jiangshi (Crypt:1)
  2 peacekeepers (Vaults:2)
  A boulder beetle (D:13)
  9 hydras
  An ogre mage (Vaults:5)
  2 spriggan skeletons
  28 vault guards
  A ghost crab (Swamp:4)
  7 ice dragons
  2 spriggan air magi (Depths:4)
  An azure jelly zombie (Crypt:2)
  4 anacondas
  7 two-headed ogres
  7 ironbound frosthearts
  11 naga warriors (Snake:4)
  13 dancing weapons
  3 tengu warriors
  11 alligators
  3 deep troll shamans
  5 deep troll earth magi
  2 vampire magi (Crypt:1)
  5 death yaks
  A titan zombie (Crypt:1)
  7 centaur warriors
  A nameless horror (Vaults:2)
  9 hell hogs (Depths:4)
  A shock serpent (Snake:4)
  11 naga sharpshooters
  11 hell knights
  2 soul eaters (Depths:3)
  3 orc high priests
  8 deep elf knights
  2 thrashing horrors (Lair:5)
  5 iron trolls
  37 skeletal warriors
  A fire crab (Swamp:4)
  A wretched star (WizLab)
  4 goliath frogs
  3 spriggan druids
  A death drake (Swamp:3)
  A salamander mystic (Snake:4)
  A storm dragon skeleton (Vaults:2)
  4 flayed ghosts
  A spark wasp zombie (Depths:1)
  A death drake (shapeshifter) (Depths:2)
  4 glowing orange brains
  2 shadow wraiths
  A shadow dragon zombie (Crypt:2)
  10 deep elf archers
  4 bog bodies
  A naga ritualist (Snake:1)
  31 deep trolls
  An orange crystal statue (WizLab)
  A spriggan rider (Swamp:3)
  13 ironbound convokers
  2 sphinx zombies
  9 wizards
  9 swamp dragons
  6 phantasmal warriors
  10 necromancers
  15 lindwurms
  An orc knight (Orc:2)
  26 deep elf pyromancers
  14 deep elf zephyrmancers
  2 harpies
  An ugly thing zombie (Vaults:2)
  4 cyclopes
  A frost giant zombie (D:15)
  2 will-o-the-wisps
  4 orc sorcerers
  A mana viper (Snake:4)
  A jorogumo zombie (Crypt:1)
  36 ugly things
  3 eyes of devastation (WizLab)
  2 centaur zombies (Crypt:3)
  4 manticores
  2 stone giant skeletons (Vaults:2)
  13 moths of wrath
  5 salamanders
  10 naga magi
  2 guardian serpents (Snake:4)
  21 vault sentinels
  A smoke demon (Depths:2)
  4 cane toads
  2 elf skeletons (Vaults:2)
  10 black mambas
  2 dire elephant zombies
  A gargoyle (D:14)
  5 human zombies
  A rime drake (Lair:5)
  A grey draconian zombie (Crypt:1)
  A torpor snail (shapeshifter) (WizLab)
  A yaktaur zombie (Vaults:4)
  A tormentor (Depths:2)
  An alligator snapping turtle zombie (Crypt:3)
  3 freezing wraiths
  An efreet (D:13)
  6 komodo dragons
  A tengu conjurer (D:14)
  5 human skeletons (Vaults:2)
  26 yaktaurs
  2 hydra zombies (Swamp:1)
  A bunyip simulacrum (Swamp:1)
  A meliai (shapeshifter) (D:13)
  A red draconian skeleton (Crypt:2)
  3 harpy zombies
  4 tyrant leeches
  A polar bear (Lair:4)
  A bloated husk (Swamp:1)
  5 hornets
  A red devil (Depths:2)
  A wind drake (shapeshifter) (Vaults:5)
  An ettin zombie (Vaults:4)
  3 dream sheep (Lair:5)
  A slime creature (shapeshifter) (Depths:1)
  11 blink frogs
  3 spriggan zombies
  48 slime creatures
  A fire dragon zombie (Crypt:3)
  A large abomination (Lair:5)
  An alligator zombie (Swamp:1)
  3 air elementals (Elf:1)
  23 flying skulls (Crypt:3)
  2 wyverns
  A deep troll skeleton (Vaults:2)
  8 spriggans
  4 wraiths
  2 ynoxinuls (Lair:5)
  A shadow (D:11)
  An elf zombie (Elf:1)
  A jumping spider (Vaults:2)
  3 water elementals
  8 fire elementals
  An ice dragon skeleton (Crypt:1)
  A human (shapeshifter) (Lair:5)
  43 yaks
  3 basilisks (Lair:5)
  A neqoxec (WizLab)
  A chaos spawn (Depths:2)
  15 vampire mosquitoes
  A redback (Vaults:4)
  5 small abominations (Lair:5)
  3 steam dragons (Swamp:4)
  A warg (Orc:2)
  17 nagas
  10 swamp worms
  A glowing shapeshifter zombie (D:15)
  An acid dragon (Zot:3)
  2 water moccasins (Lair:5)
  A glowing shapeshifter skeleton (Crypt:1)
  2 hydra simulacra (Swamp:1)
  2 hell hounds (Elf:2)
  A floating eye (Depths:2)
  9 swamp drakes
  13 orc warriors
  A black bear (D:9)
  7 ogres
  11 wolves
  3 boggarts (Vaults:4)
  4 centaurs
  A golden eye zombie (Crypt:2)
  A bullfrog (shapeshifter) (Vaults:2)
  5 bullfrogs
  A gnoll sergeant (D:13)
  5 necrophages
  4 earth elementals
  A hornet simulacrum (D:14)
  5 killer bees
  A swamp dragon simulacrum (Swamp:1)
  5 howler monkeys (D:13)
  A basilisk zombie (Crypt:2)
  A jelly (Lair:5)
  9 orc priests
  10 orc wizards
  A hell rat (Lair:2)
  3 boggart zombies
  A boggart skeleton (Crypt:1)
  2 naga zombies
  A gnoll (Bailey)
  2 shadow imps (D:10)
  48 orcs
  4 goblins (D:9)
  3 kobolds (D:9)
  7 orc zombies
  A demonic plant (WizLab)
  4 starspawn tentacles (WizLab)
1372 creatures vanquished.

Vanquished Creatures (others)
  A caustic shrike (Crypt:1)
  3 golden dragons
  A shard shrike zombie (Crypt:1)
  5 titans
  10 quicksilver dragons
  4 sphinxes
  6 tengu reavers
  14 storm dragons
  3 shadow dragons
  2 fenstrider witches (Swamp:4)
  A nagaraja (Snake:4)
  2 demonspawn warmongers (WizLab)
  2 frost giants
  7 fire giants
  2 deep elf sorcerers
  3 iron dragons
  A ghost moth (Zot:5)
  5 draconian knights
  2 draconian shifters
  4 draconian stormcallers
  An orc warlord (Orc:2)
  5 vault wardens
  2 draconian annihilators (Zot:3)
  A caustic shrike zombie (Crypt:1)
  A demonspawn corrupter (WizLab)
  6 ironbound thunderhulks
  3 spriggan defenders
  12 ironbound preservers
  14 stone giants
  A green draconian (Zot:1)
  2 eleionomae
  4 bunyips
  A purple draconian (Zot:4)
  A black draconian (Zot:4)
  An entropy weaver (Vaults:5)
  3 deep elf annihilators
  2 white draconians (Zot:2)
  5 dire elephants
  2 spark wasps
  3 red draconians
  3 yellow draconians
  Snorg (D:13)
  5 very ugly thing zombies
  8 ettins
  An ettin (shapeshifter) (Vaults:5)
  A deep elf death mage (Elf:2)
  4 fire dragons
  3 deep elf high priests (Vaults:4)
  7 quicksilver dragon zombies
  8 yaktaur captains
  A salamander tyrant (Snake:4)
  3 great orbs of eyes
  2 ice dragons
  A fenstrider witch zombie (Swamp:4)
  4 vault guards
  10 hydras
  7 boulder beetles
  A catoblepas (D:13)
  3 ogre magi
  10 spriggan air magi
  A two-headed ogre (Orc:1)
  6 ironbound frosthearts
  5 anacondas
  7 centaur warriors
  3 naga warriors
  3 alligators
  3 tengu warriors
  3 deep troll earth magi
  2 death yaks (Lair:5)
  3 deep troll shamans
  A dancing weapon (Elf:2)
  2 hell knights (Depths:4)
  2 naga sharpshooters
  An orc high priest (D:11)
  8 spriggan berserkers
  2 titan zombies
  10 deep elf knights
  17 storm dragon zombies
  2 shock serpents (Snake:4)
  4 goliath frogs
  3 spriggan riders
  A sixfirhy (Depths:2)
  4 anaconda zombies
  An entropy weaver zombie (Vaults:5)
  A fire crab (Lair:1)
  2 spark wasp zombies
  2 golden dragon zombies (Zot:3)
  2 bunyip zombies (Swamp:4)
  A swamp dragon (Swamp:1)
  2 glowing orange brains
  A deep troll (Vaults:1)
  6 death drakes
  3 shadow dragon zombies
  A ghost moth zombie (Zot:5)
  2 spriggan druids (Swamp:3)
  5 wizards
  3 sphinx zombies
  8 lindwurms
  14 deep elf zephyrmancers
  2 necromancers (Depths:1)
  14 ironbound convokers
  8 deep elf archers
  13 deep elf pyromancers
  A goliath frog zombie (Swamp:4)
  3 harpies
  2 orc knights
  An iron dragon zombie (Depths:2)
  6 fire giant zombies
  8 ugly thing zombies
  A mana viper (Snake:1)
  A wolf spider zombie (D:8)
  3 stone giant zombies
  5 draconian zombies
  2 manticores
  2 wolf spiders
  2 elephants
  A frost giant zombie (Depths:3)
  A moth of wrath (shapeshifter) (Depths:1)
  4 cyclopes
  A salamander (Snake:1)
  16 moths of wrath
  2 dire elephant zombies
  14 vault sentinels
  16 centaur zombies
  A black mamba (shapeshifter) (D:15)
  2 guardian serpents
  4 naga magi
  A dwarf zombie (D:13)
  10 black mambas
  A cane toad (shapeshifter) (D:13)
  3 torpor snails
  5 cane toads
  A green draconian zombie (Zot:2)
  A purple draconian zombie (Zot:4)
  A catoblepas zombie (D:13)
  3 rime drakes
  2 yaktaurs
  A white draconian zombie (Zot:2)
  A yellow draconian zombie (Zot:2)
  A yaktaur (shapeshifter) (D:13)
  An iron troll zombie (Depths:4)
  A freezing wraith (Vaults:5)
  3 red draconian zombies
  A tengu conjurer (Depths:4)
  5 komodo dragons
  3 harpy zombies
  A merfolk (shapeshifter) (Depths:4)
  3 meliai
  7 hydra zombies
  2 trolls
  2 hornets
  3 bloated husks
  2 guardian serpent zombies
  19 moth of wrath zombies
  6 blink frogs
  2 meliai zombies
  3 tyrant leeches
  A raiju (WizLab)
  5 ettin zombies
  A fire dragon zombie (Depths:4)
  A boulder beetle zombie (Lair:3)
  A raiju (shapeshifter) (D:15)
  3 great orb of eyes zombies
  2 ice dragon zombies
  A shadow (D:13)
  7 slime creatures
  A wyvern (D:13)
  9 black mamba zombies
  14 slime creature zombies
  A wraith (D:14)
  7 yaks
  A tyrant leech zombie (Swamp:4)
  A human (shapeshifter) (D:10)
  A basilisk (shapeshifter) (Vaults:2)
  3 basilisks
  A human (D:14)
  A steam dragon (Swamp:4)
  A warg (Orc:2)
  A two-headed ogre zombie (D:8)
  A merfolk zombie (Depths:4)
  16 deep troll zombies
  5 nagas
  An acid dragon (D:9)
  5 cane toad zombies
  3 water moccasins
  A swamp drake (Swamp:4)
  2 hornet zombies
  11 orc warriors
  11 lindwurm zombies
  3 ogres (Orc:1)
  A swamp dragon zombie (Swamp:4)
  39 elf zombies
  3 blink frog zombies
  5 manticore zombies
  2 elephant zombies
  A wolf (Lair:5)
  2 boggarts
  2 rime drake zombies
  6 vampire mosquito zombies (D:12)
  A kobold brigand (D:8)
  3 komodo dragon zombies
  12 yaktaur zombies
  2 bullfrogs (Lair:2)
  3 salamander zombies
  A fire crab zombie (Swamp:4)
  2 wyvern zombies
  2 gnoll sergeants
  3 cyclops zombies
  A water moccasin zombie (Lair:3)
  A scorpion (D:9)
  A hell hound zombie (Elf:2)
  8 yak zombies
  A troll zombie (Orc:2)
  10 spriggan zombies
  A warg zombie (Orc:2)
  7 tengu zombies
  18 naga zombies
  A killer bee (D:11)
  A howler monkey (D:15)
  4 bullfrog zombies
  A jelly (D:13)
  63 human zombies
  4 orc priests
  A basilisk zombie (Lair:4)
  2 hounds
  A boggart zombie (D:14)
  2 iguanas
  2 orc wizards
  3 hell rats (Lair:2)
  A killer bee zombie (D:11)
  9 ogre zombies
  2 hound zombies
  2 howler monkey zombies
  2 gnolls (Bailey)
  A swamp drake zombie (Swamp:4)
  4 adders
  4 adder zombies
  An iguana zombie (D:13)
  A jelly zombie (D:13)
  21 orcs
  3 bats
  3 bat zombies
  5 gnoll zombies
  A hobgoblin (D:15)
  A ball python (D:13)
  A ball python zombie (D:13)
  A frilled lizard (D:12)
  A frilled lizard zombie (D:12)
  78 orc zombies
  2 bushes (Lair:5)
  7 demonic plants (WizLab)
  4 foxfires (Swamp:4)
  36 fungi
  59 plants
  10 starspawn tentacles (WizLab)
  10 withered plants
1225 creatures vanquished.

Grand Total: 3562 creatures vanquished

Table legend:
 A = Non-vault XP
 B = Vault XP
 C = Vault XP percentage of total XP
 D = Non-vault monster count
 E = Vault monster count
 F = Vault count percentage of total count
                 A         B        C        D         E       F
            +---------+---------+-------+---------+---------+-------
      Total |  675335 |  661361 |  49.5 |    1307 |    1062 |  44.8
            +---------+---------+-------+---------+---------+-------
        D:1 |      30 |       0 |   0.0 |      17 |       0 |   0.0
        D:2 |      48 |       0 |   0.0 |      17 |       0 |   0.0
        D:3 |     234 |      37 |  13.7 |      29 |       1 |   3.3
        D:4 |     146 |     190 |  56.5 |      10 |       4 |  28.6
        D:5 |     744 |     210 |  22.0 |      13 |       3 |  18.8
        D:6 |    1371 |     338 |  19.8 |      22 |       2 |   8.3
        D:7 |    1313 |       0 |   0.0 |      31 |       0 |   0.0
        D:8 |    4284 |    4271 |  49.9 |      32 |       6 |  15.8
        D:9 |    3471 |     251 |   6.7 |      35 |       6 |  14.6
       D:10 |    3238 |    3679 |  53.2 |      24 |      32 |  57.1
       D:11 |    3411 |       0 |   0.0 |      19 |       0 |   0.0
       D:12 |    6722 |     562 |   7.7 |      20 |       1 |   4.8
       D:13 |    5634 |   30021 |  84.2 |      17 |      55 |  76.4
       D:14 |    8031 |   10765 |  57.3 |      13 |      17 |  56.7
       D:15 |    7313 |    5129 |  41.2 |      15 |       8 |  34.8
     Lair:1 |    9950 |    4694 |  32.1 |      47 |      10 |  17.5
     Lair:2 |    7815 |     316 |   3.9 |      34 |       2 |   5.6
     Lair:3 |    2206 |    5714 |  72.1 |      11 |      11 |  50.0
     Lair:4 |   10396 |     452 |   4.2 |      32 |       2 |   5.9
     Lair:5 |   10971 |   11523 |  51.2 |      50 |      44 |  46.8
    Swamp:1 |   10222 |    2168 |  17.5 |      25 |       8 |  24.2
    Swamp:2 |    9150 |       0 |   0.0 |      13 |       0 |   0.0
    Swamp:3 |   17714 |       0 |   0.0 |      31 |       0 |   0.0
    Swamp:4 |   12494 |   17410 |  58.2 |      25 |      31 |  55.4
    Snake:1 |    8361 |       0 |   0.0 |      16 |       0 |   0.0
    Snake:2 |   12462 |       0 |   0.0 |      27 |       0 |   0.0
    Snake:3 |   11713 |       0 |   0.0 |      22 |       0 |   0.0
    Snake:4 |   13870 |   40994 |  74.7 |      25 |      44 |  63.8
      Orc:1 |    1155 |       0 |   0.0 |      24 |       0 |   0.0
      Orc:2 |       0 |   18643 | 100.0 |       0 |     143 | 100.0
      Elf:1 |   25601 |   10389 |  28.9 |      50 |      19 |  27.5
      Elf:2 |   10027 |    3724 |  27.1 |      19 |       7 |  26.9
      Elf:3 |   25712 |   27009 |  51.2 |      44 |      25 |  36.2
   Vaults:1 |   10237 |   22702 |  68.9 |      15 |      35 |  70.0
   Vaults:2 |   33319 |   64952 |  66.1 |      50 |      91 |  64.5
   Vaults:3 |   30125 |   14245 |  32.1 |      43 |      19 |  30.6
   Vaults:4 |   22563 |   17724 |  44.0 |      35 |      18 |  34.0
   Vaults:5 |   21495 |   86777 |  80.1 |      27 |      83 |  75.5
    Crypt:1 |   28400 |    5640 |  16.6 |      40 |       3 |   7.0
    Crypt:2 |   13466 |    1691 |  11.2 |      21 |       2 |   8.7
    Crypt:3 |       0 |   56056 | 100.0 |       0 |      92 | 100.0
   Depths:1 |   28825 |    7967 |  21.7 |      38 |      12 |  24.0
   Depths:2 |   20218 |   51722 |  71.9 |      23 |      44 |  65.7
   Depths:3 |   30413 |    5436 |  15.2 |      32 |       6 |  15.8
   Depths:4 |   31421 |   29310 |  48.3 |      37 |      26 |  41.3
      Zot:1 |   48724 |    3718 |   7.1 |      44 |       3 |   6.4
      Zot:2 |   38655 |       0 |   0.0 |      33 |       0 |   0.0
      Zot:3 |   50673 |   24813 |  32.9 |      44 |      16 |  26.7
      Zot:4 |    7625 |    6881 |  47.4 |       6 |       6 |  50.0
      Zot:5 |   12119 |   12459 |  50.7 |       8 |       7 |  46.7
    Ossuary |       0 |     115 | 100.0 |       0 |      26 | 100.0
     Bailey |       0 |    1589 | 100.0 |       0 |      40 | 100.0
     WizLab |    1248 |   49075 |  97.5 |       2 |      52 |  96.3
            +---------+---------+-------+---------+---------+-------

Illustrated notes

Table legend:
 A = Kills in this place as a percentage of kills in entire the game.
 B = Kills by you in this place as a percentage of kills by you in the entire game.
 C = Kills by friends in this place as a percentage of kills by friends in the entire game.
 D = Other kills in this place as a percentage of other kills in the entire game.
 E = Experience gained in this place as a percentage of experience gained in the entire game.
 F = Experience gained in this place divided by the number of levels of this place that you have seen.
                   A       B       C       D       E      F
               +-------+-------+-------+-------+-------+----------------------
         Total | 100.0 | 100.0 | 100.0 | 100.0 | 100.0 | 25220.7
       Dungeon |  19.0 |  31.9 |  10.1 |  10.0 |   7.6 | 6762.9
          Lair |  10.3 |  13.6 |   7.7 |  13.8 |   4.8 | 12807.4
         Swamp |   5.6 |   2.6 |   8.0 |   2.5 |   5.2 | 17289.5
     Snake Pit |   5.7 |   4.1 |   6.7 |   7.5 |   6.5 | 21850.0
  Orcish Mines |   7.0 |   7.8 |   5.1 |  30.0 |   1.5 | 9899.0
   Elven Halls |   6.9 |   6.2 |   7.5 |   6.2 |   7.7 | 34154.0
        Vaults |  17.6 |  10.5 |  22.8 |  15.0 |  24.2 | 64827.8
         Crypt |   6.7 |   3.1 |   9.6 |   0.0 |   7.9 | 35084.3
        Depths |   9.2 |   6.4 |  11.1 |  11.2 |  15.4 | 51328.0
           Zot |   7.0 |   6.5 |   7.7 |   2.5 |  15.4 | 41133.4
       Ossuary |   1.1 |   2.7 |   0.0 |   0.0 |   0.0 | 115.0
        Bailey |   1.7 |   3.7 |   0.4 |   0.0 |   0.1 | 1589.0
        Wizlab |   2.3 |   0.9 |   3.3 |   1.2 |   3.8 | 50323.0
               +-------+-------+-------+-------+-------+----------------------

Table legend: (Time is in decaauts)
 A = Elapsed time spent in this place.
 B = Non-inter-level travel time spent in this place.
 C = Inter-level travel time spent in this place.
 D = Time resting spent in this place.
 E = Time spent auto-exploring this place.
 F = Levels seen in this place.
 G = Mean time per level.
                   A        B        C        D        E       F      G
               +--------+--------+--------+--------+--------+-----+--------+
         Total |  66375 |  61120 |   5255 |   5630 |  26665 |  53 | 1252.4 |
       Dungeon |  18545 |  16797 |   1748 |   2485 |   8754 |  15 | 1236.3 |
          Lair |   8122 |   7454 |    668 |   1553 |   3038 |   5 | 1624.4 |
         Swamp |   3155 |   3025 |    130 |    105 |   1292 |   4 |  788.8 |
     Snake Pit |   4570 |   4330 |    240 |    133 |   2208 |   4 | 1142.5 |
  Orcish Mines |   2816 |   2595 |    221 |     71 |   1326 |   2 | 1408.0 |
   Elven Halls |   3725 |   3494 |    231 |    185 |   1454 |   3 | 1241.7 |
        Vaults |   9551 |   8572 |    979 |    216 |   2782 |   5 | 1910.2 |
         Crypt |   2983 |   2761 |    222 |     97 |   1029 |   3 |  994.3 |
        Depths |   6553 |   5824 |    729 |    335 |   2945 |   4 | 1638.2 |
           Zot |   4279 |   4196 |     83 |    325 |   1569 |   5 |  855.8 |
       Ossuary |    415 |    415 |      0 |     96 |     10 |   1 |  415.0 |
        Bailey |    476 |    476 |      0 |     10 |     48 |   1 |  476.0 |
        Wizlab |   1180 |   1180 |      0 |     19 |    207 |   1 | 1180.0 |
               +--------+--------+--------+--------+--------+-----+--------+

Top non-repeatable levels by time:
  Lair:1: 3072 daAuts
Vaults:2: 2392 daAuts
   Orc:2: 2251 daAuts
Depths:2: 2123 daAuts
Vaults:4: 2042 daAuts
Depths:3: 1868 daAuts
    D:14: 1866 daAuts
Vaults:3: 1803 daAuts
Vaults:5: 1752 daAuts
    D:12: 1671 daAuts
    D:10: 1564 daAuts
Vaults:1: 1561 daAuts
   Elf:3: 1537 daAuts
 Snake:3: 1537 daAuts
   Elf:1: 1503 daAuts
